Workbook
Name Constr: '24579'!$A$1
Name Constr: '24597'!$A$7
Name Constr: '24601'!$A$7
Name Constr: '24603'!$A$1
Name Constr: '24632'!$A$1
Name Constr: '24845'!$A$7
Name Constr: '6925 вывести остаток'!$A$1
Name FOT: '24579'!$D$15
Name FOT: '24597'!$D$14
Name FOT: '24601'!$D$14
Name FOT: '24603'!$D$17
Name FOT: '24632'!$D$18
Name FOT: '24845'!$D$16
Name FOT: '6925 вывести остаток'!$C$17
Name Ind: '24579'!$G$9
Name Ind: '24597'!$H$9
Name Ind: '24601'!$H$9
Name Ind: '24603'!$G$9
Name Ind: '24632'!$G$9
Name Ind: '24845'!$H$9
Name Ind: '6925 вывести остаток'!$D$9
Name Obj: '24579'!#REF!
Name Obj: '24597'!$E$12
Name Obj: '24601'!$E$12
Name Obj: '24603'!#REF!
Name Obj: '24632'!#REF!
Name Obj: '24845'!#REF!
Name Obj: '6925 вывести остаток'!#REF!
Name Obosn: '24579'!#REF!
Name Obosn: '24597'!#REF!
Name Obosn: '24601'!#REF!
Name Obosn: '24603'!$D$13
Name Obosn: '24632'!$D$13
Name Obosn: '24845'!$D$12
Name Obosn: '6925 вывести остаток'!$C$15
Name SmPr: '24579'!$D$11
Name SmPr: '24597'!$D$13
Name SmPr: '24601'!$D$13
Name SmPr: '24603'!$D$14
Name SmPr: '24632'!$D$14
Name SmPr: '24845'!$D$13
Name SmPr: '6925 вывести остаток'!$C$16
Name аааааппппппрррппппппп: #REF!
Name аааааппппппрррппппппп: #REF!
Name аараооооооооооооо: #REF!
Name аараооооооооооооо: #REF!
Name автом: #REF!
Name автом: #REF!
Name алшрльоплварл: #REF!
Name алшрльоплварл: #REF!
Name аолвлддддддддддддддддввввввввв: #REF!
Name аолвлддддддддддддддддввввввввв: #REF!
Name апарв: #REF!
Name апарв: #REF!
Name апрлдджаоырыфрпопрлпрлпрлп: #REF!
Name апрлдджаоырыфрпопрлпрлпрлп: #REF!
Name арлггаджаш: #REF!
Name арлггаджаш: #REF!
Name ароррбллтблпроорапииас: #REF!
Name ароррбллтблпроорапииас: #REF!

Sheet 24579
A1: СОГЛАСОВАНО: | E1: ФГУП "Комбинат "Электрохимприбор" | M1: УТВЕРЖДАЮ:
G2: (наименование стройки) | M2: Зам. генерального директора
A3: _____________________________ | M3: Е.В.Гордеев
A4: " _____ " ________________ 2013г. | G4: ЛОКАЛЬНЫЙ СМЕТНЫЙ РАСЧЕТ № 24579-П13
G5: (Пересчёт сметы 24579) | M5: "______ " __________2013 г.
C7: на | D7: Отопление и вентиляцию. Площадка 6 Строительство здания 637 подготовки зарядов.
G8: (наименование работ и затрат, наименование объекта)
D10: Основание: проект № 24381-12-ОВ | N10: Справочно, в тыс.руб. :
D11: Сметная стоимость _______________________________________________________________________________________________ | J11: ___________________________113,779 | L11: тыс. руб. | N11: с К=5,56 | P11: =ROUND(P12+P13+P14,3) -> 551.046
D12: строительных работ _______________________________________________________________________________________________ | J12: _______________________________________________________________________________________________52,375 | L12: тыс. руб. | N12: с К=5,56 | P12: =ROUND(52.375*5.56,3) -> 291.205
D13: монтажных работ _______________________________________________________________________________________________ | J13: _______________________________________________________________________________________________1,867 | L13: тыс. руб. | N13: с К=5,56 | P13: =ROUND(1.867*5.56,3) -> 10.381
D14: оборудования _______________________________________________________________________________________________ | J14: _______________________________________________________________________________________________59,537 | L14: тыс. руб. | N14: с К=4,19 | P14: =ROUND(59.537*4.19,3) -> 249.46
D15: Средства на оплату труда _______________________________________________________________________________________________ | J15: ___________________________3,683 | L15: тыс. руб. | N15: с К=5,56 | P15: =ROUND(3.683*5.56,3) -> 20.477
D16: Сметная трудоемкость _______________________________________________________________________________________________ | J16: _______________________________________________________________________________________________272,31 | L16: чел.час
D17: Материалы ___________________________________________________________ | J17: =K124/1000 -> 42.131 | L17: тыс.руб. | N17: с К=5,56 | P17: =ROUND(42.131*5.56,3) -> 234.248
D18: Составлен(а) в базовых ценах 2001г. в редакции 2009г.
A20: № пп | B20: Обоснова-ние | C20: Наименование | D20: Ед. изм. | E20: Кол. | F20: Стоимость единицы, руб. | J20: Общая стоимость, руб. | O20: Т/з осн. раб.на ед. | P20: Т/з осн. раб. Всего | Q20: Общая масса обору-дования, т
F21: Всего | G21: В том числе | J21: Обору-дование | K21: Всего | L21: В том числе
G22: Осн.З/п | H22: Эк.Маш | I22: З/пМех | L22: Осн.З/п | M22: Эк.Маш | N22: З/пМех
A23: 1 | B23: 2 | C23: 3 | D23: 4 | E23: 5 | F23: 6 | G23: 7 | H23: 8 | I23: 9 | J23: 10 | K23: 11 | L23: 12 | M23: 13 | N23: 14 | O23: 15 | P23: 16 | Q23: 17
A24: Раздел 1. Система П-1.
A25: 1 | B25: ТЕР20-06-002-01 прим. | C25: Установка кондиционера КВЦК "Сахара" | D25: 1 компл. | E25: 2 | F25: 965.62 | G25: 565.61 | H25: 115.2 | I25: 4 | K25: 1931 | L25: 1131 | M25: 230 | N25: 8 | O25: 43.71 | P25: 87.42
A26: 2 | B26: ТЕРм08-01-102-01 прим. | C26: Монтаж комплекта автоматики. | D26: 1 компл. | E26: 2 | F26: 569.9 | G26: 197.83 | H26: 233.8 | I26: 14.56 | K26: 1140 | L26: 396 | M26: 468 | N26: 29 | O26: 14.6 | P26: 29.2
A27: 3 | B27: ТЕР20-02-006-07 | C27: Установка клапанов периметром до 1600 мм | D27: 1 шт. | E27: 1 | F27: 38.44 | G27: 23.24 | H27: 2.24 | K27: 38 | L27: 23 | M27: 2 | O27: 1.84 | P27: 1.84
A28: 4 | B28: ТЕР20-06-005-01 | C28: Установка фильтров | D28: 1 фильтр | E28: 1 | F28: 189.88 | G28: 137.67 | H28: 13.46 | I28: 0.36 | K28: 190 | L28: 138 | M28: 13 | O28: 10.16 | P28: 10.16
A29: 5 | B29: ТЕР20-06-006-01 | C29: Установка воздухонагревателей однорядных для обводного канала производительностью до 10 тыс.м3/час | D29: 1 воздухонагреватель | E29: 1 | F29: 241.84 | G29: 108.4 | H29: 17.96 | I29: 0.73 | K29: 242 | L29: 108 | M29: 18 | N29: 1 | O29: 8 | P29: 8
A30: 6 | B30: ТЕР20-03-001-01 | C30: Установка вентиляторов | D30: 1 вентилятор | E30: 1 | F30: 100.35 | G30: 78.55 | H30: 6.66 | I30: 0.18 | K30: 100 | L30: 79 | M30: 7 | O30: 6.54 | P30: 6.54
A31: 7 | B31: Цена поставщика. | C31: Стоимость кондиционера КВЦК "Сахара-С" комплектом автоматики. (Цена:139801: 1,18:4,19*1,012*1,03*1,01=29768,25) | D31: компл. | E31: 2 | J31: 59537 | K31: 59537
A32: 8 | B32: ТЕР20-02-003-02 прим. | C32: Установка сетки №20-1,6 | D32: 1 решетка | E32: 1 | F32: 21.93 | G32: 14.78 | H32: 2.94 | K32: 22 | L32: 15 | M32: 3 | O32: 1.17 | P32: 1.17
A33: Уд | B33: 1. 301-0596 | C33: Решетки жалюзийные неподвижные односекционные марка СТД 302, размер 150х580 мм | D33: м2 | E33: 0,09 0,09 | F33: 630.7 | K33: 56.76
A34: 9 | B34: ТСЦ-101-3885 прим. | C34: Сетка диаметром №20-1,6 210х450 | D34: м2 | E34: 0.095 | F34: 40.71 | K34: 4
A35: 10 | B35: ТЕР20-02-002-01 | C35: Установка решеток жалюзийных площадью в свету до 0,5 м2 | D35: 1 решетка | E35: 8 | F35: 24.67 | G35: 18.44 | H35: 2.94 | K35: 197 | L35: 148 | M35: 24 | O35: 1.46 | P35: 11.68
A36: 11 | B36: Цена поставщика. | C36: Решетка наружная АРН+С 400х350 (Цена:2071,00:1,18:4,42*1,02=405,02) | D36: шт | E36: 1 | F36: 405.02 | K36: 405
A37: 12 | B37: Цена поставщика. | C37: Решетка наружная АМН-К 250х150 (Цена:230,00:1,18:4,42*1,02=44,98) | D37: шт | E37: 6 | F37: 44.98 | K37: 270
A38: 13 | B38: ТСЦ-301-0603 прим. | C38: Сетка с движком 250х100 | D38: м2 | E38: 0.025 | F38: 164.22 | K38: 4
A39: 14 | B39: ТЕР20-02-006-01 прим. | C39: Установка клапана противопожарного КЛОП-1 с приводом диаметром до 250 мм | D39: 1 шт. | E39: 1 | F39: 39.9 | G39: 20.59 | H39: 2.09 | K39: 40 | L39: 21 | M39: 2 | O39: 1.63 | P39: 1.63
A40: 15 | B40: Цена поставщика. | C40: Стоимость клапана КЛОП-1 с приводом. (Цена: 12040,00:4,42*1,02=2778,46) | D40: 1шт | E40: 1 | F40: 2778.46 | K40: 2778
A41: 16 | B41: ТЕР20-02-014-02 | C41: Установка шумоглушителей вентиляционных трубчатых круглого сечения типа ГТК 1-2, диаметр обечайки 200 мм | D41: 1 шт. | E41: 1 | F41: 21.17 | G41: 13.6 | H41: 1.86 | K41: 21 | L41: 14 | M41: 2 | O41: 1.09 | P41: 1.09
A42: 17 | B42: Цена поставщика. | C42: Шумоглушитель ГТК 1-2 ф200/ф400 (Цена:1913,09:1,18:4,42*1,02=374,14) | D42: шт | E42: 1 | F42: 374.14 | K42: 374
A43: 18 | B43: ТЕР20-02-004-01 | C43: Установка клапанов обратных диаметром до 355 мм | D43: 1 клапан | E43: 3 | F43: 24.14 | G43: 12.85 | H43: 1.84 | K43: 72 | L43: 39 | M43: 6 | O43: 1.03 | P43: 3.09
A44: 19 | B44: Цена поставщика. | C44: Обратный клапан РК-200-05 ф 315 (Цена:1100,26:1,18:4,42*1,02=215,17) | D44: шт | E44: 3 | F44: 215.17 | K44: 646
A45: 20 | B45: ТЕР20-02-005-01 | C45: Установка заслонок воздушных с ручным приводом диаметром до 250 мм | D45: 1 шт. | E45: 2 | F45: 34.49 | G45: 15.41 | H45: 1.86 | K45: 69 | L45: 31 | M45: 4 | O45: 1.22 | P45: 2.44
A46: 21 | B46: Цена поставщика. | C46: Заслонка РК-300-05 с ручным управлением, ф200 (Цена:1185,00:1,18:4,42*1,02=231,75) | D46: шт | E46: 2 | F46: 231.75 | K46: 464
A47: 22 | B47: ТЕР20-01-001-03 прим. | C47: Прокладка перехода из листовой, оцинкованной стали толщиной 0,5 мм, 200х200/ф200 | D47: 100 м2 | E47: 0.0007 | F47: 2601.53 | G47: 1893.46 | H47: 136.2 | I47: 7.46 | K47: 2 | L47: 1 | O47: 153.69 | P47: 0.11
A48: 23 | B48: ТСЦ-301-1786 прим. | C48: Переход из оцинкованной стали толщиной 0,5 мм, 200х200/ф200 | D48: м2 | E48: 0.07 | F48: 347.48 | K48: 24
A49: 24 | B49: ТЕР20-01-001-19 прим. | C49: Прокладка перехода из оцинкованной стали толщиной 1,0 мм, 210х480/ф200. | D49: 100 м2 | E49: 0.0104 | F49: 1514.36 | G49: 917.22 | H49: 122.03 | I49: 5.1 | K49: 16 | L49: 10 | M49: 1 | O49: 74.45 | P49: 0.77
A50: 25 | B50: ТСЦ-301-1798 прим. | C50: Переход из оцинкованной стали толщиной 1,0 мм, 210х480/ф200. | D50: м2 | E50: 1.04 | F50: 272.33 | K50: 283
A51: 26 | B51: ТЕР20-01-001-01 | C51: Прокладка воздуховодов из листовой, оцинкованной стали и алюминия класса Н (нормальные) толщиной 0,5 мм, диаметром до 200 мм | D51: 100 м2 | E51: 0.041 | F51: 2810.67 | G51: 2068.04 | H51: 170.31 | I51: 9.46 | K51: 115 | L51: 85 | M51: 7 | O51: 167.86 | P51: 6.88
A52: 27 | B52: ТСЦ-301-1786 | C52: Воздуховоды из оцинкованной стали толщиной 0,5 мм, диаметром до 200 мм | D52: м2 | E52: 4.1 | F52: 347.48 | K52: 1425
A53: 28 | B53: ТЕР20-01-001-03 | C53: Прокладка воздуховодов из листовой, оцинкованной стали и алюминия класса Н (нормальные) толщиной 0,5 мм, периметром 800мм | D53: 100 м2 | E53: 0.056 | F53: 2601.53 | G53: 1893.46 | H53: 136.2 | I53: 7.46 | K53: 146 | L53: 106 | M53: 8 | O53: 153.69 | P53: 8.61
A54: 29 | B54: ТСЦ-301-1793 прим. | C54: Воздуховоды из оцинкованной стали толщиной 0,5 мм, периметром до 1000 мм | D54: м2 | E54: 5.6 | F54: 267.29 | K54: 1497
A55: 30 | B55: ТСЦ-301-0475 | C55: Крепления для воздуховодов подвески СТД6208, СТД6209, СТД6210 | D55: т | E55: 0.01 | F55: 8739.36 | K55: 87
A56: 31 | B56: ТСЦ-301-1746 прим. | C56: Лючок параметров. | D56: шт. | E56: 2 | F56: 6.5 | K56: 13
A57: 32 | B57: ТЕР20-02-017-05 | C57: Установка дверей герметических утепленных размером 1250х500 мм | D57: 1 шт. | E57: 1 | F57: 1277.6 | G57: 28.76 | H57: 14.09 | K57: 1278 | L57: 29 | M57: 14 | O57: 2 | P57: 2
A58: 33 | B58: ТЕР26-01-009-01 прим. | C58: Изоляция поверхности воздуховодов фольгированным рулонным материалом МБОР-10Ф | D58: 1 м3 | E58: 0.044 | F58: 993.04 | G58: 259.38 | H58: 71.42 | K58: 44 | L58: 11 | M58: 3 | O58: 18.85 | P58: 0.83
A59: Уд | B59: 1. 104-0009 | C59: Маты прошивные из минеральной ваты без обкладок М-100, толщина 60 мм | D59: м3 | E59: 1,54 0,06776 | F59: 414.12 | K59: 28.06
A60: 34 | B60: Цена поставщика. | C60: Стоимость матов базальтовых огнезащитных фольгированных МБОР-10Ф(Цена:305,33:1,18:4,42*1,02=59,71) | D60: м2 | E60: 4.396 | F60: 59.71 | K60: 262
A61: Раздел 2. Система В-1.
A62: 35 | B62: ТЕР20-03-001-01 | C62: Установка вентиляторов радиальных массой до 0,05 т | D62: 1 вентилятор | E62: 2 | F62: 100.35 | G62: 78.55 | H62: 6.66 | I62: 0.18 | K62: 201 | L62: 157 | M62: 13 | O62: 6.54 | P62: 13.08
A63: 36 | B63: ТСЦ-301-8005 | C63: Вентиляторы радиальные низкого давления из углеродистой стали, марка ВЦ (ВР) 4-75-3.15 | D63: шт. | E63: 2 | F63: 1775.62 | K63: 3551
A64: 37 | B64: ТЕР20-02-019-01 | C64: Установка рамы под вентилятор. | D64: 100 кг | E64: 0.06 | F64: 1155.74 | G64: 77.9 | H64: 14.44 | K64: 69 | L64: 5 | M64: 1 | O64: 6.02 | P64: 0.36
A65: 38 | B65: ТЕР20-02-020-01 | C65: Установка виброизолятора номер 38 | D65: 10 виброизоляторов | E65: 0.8 | F65: 86.73 | G65: 51.69 | H65: 1.09 | K65: 69 | L65: 41 | M65: 1 | O65: 3.7 | P65: 2.96
A66: 39 | B66: ТСЦ-301-0144 | C66: Виброизоляторы пружинные до № 38 | D66: шт. | E66: 8 | F66: 55.34 | K66: 443
A67: 40 | B67: ТЕР20-02-018-01 | C67: Установка вставок гибких. | D67: 1 м2 | E67: 2.52 | F67: 77.27 | G67: 70.84 | H67: 1.09 | K67: 195 | L67: 179 | M67: 3 | O67: 5.75 | P67: 14.49
A68: 41 | B68: ТСЦ-301-1871 прим. | C68: Вставки гибкие из брезента и сортовой стали | D68: шт. | E68: 4 | F68: 9.93 | K68: 40
A69: 42 | B69: ТСЦ-301-1746 прим. | C69: Лючок параметров. | D69: шт. | E69: 3 | F69: 6.5 | K69: 20
A70: 43 | B70: ТСЦ-301-3097 | C70: Шиберы в обечайке из тонколистовой оцинкованной и сортовой стали прямоугольные периметром до 1000 мм | D70: шт. | E70: 2 | F70: 112.13 | K70: 224
A71: 44 | B71: ТЕР20-02-004-01 | C71: Установка клапанов обратных диаметром до 355 мм | D71: 1 клапан | E71: 3 | F71: 24.14 | G71: 12.85 | H71: 1.84 | K71: 72 | L71: 39 | M71: 6 | O71: 1.03 | P71: 3.09
A72: 45 | B72: Цена поставщика. | C72: Обратный клапан РК-200-05 ф 315 (Цена:1100,26:1,18:4,42*1,02=215,17) | D72: шт | E72: 3 | F72: 215.17 | K72: 646
A73: 46 | B73: ТЕР20-02-014-02 | C73: Установка шумоглушителей вентиляционных трубчатых круглого сечения типа ГТК 1-2, диаметр обечайки 200 мм | D73: 1 шт. | E73: 1 | F73: 21.17 | G73: 13.6 | H73: 1.86 | K73: 21 | L73: 14 | M73: 2 | O73: 1.09 | P73: 1.09
A74: 47 | B74: Цена поставщика. | C74: Шумоглушитель ГТК 1-2 ф200/ф400 (Цена:1913,09:1,18:4,42*1,02=374,14) | D74: шт | E74: 1 | F74: 374.14 | K74: 374
A75: 48 | B75: ТЕР20-01-001-03 прим. | C75: Прокладка перехода из листовой, оцинкованной стали толщиной 0,5 мм, 224х224/ф200 | D75: 100 м2 | E75: 0.0016 | F75: 2601.53 | G75: 1893.46 | H75: 136.2 | I75: 7.46 | K75: 4 | L75: 3 | O75: 153.69 | P75: 0.25
A76: 49 | B76: ТСЦ-301-1786 прим. | C76: Переход из оцинкованной стали толщиной 0,5 мм, 224х224/ф200 | D76: м2 | E76: 0.16 | F76: 347.48 | K76: 56
A77: 50 | B77: ТЕР20-01-001-05 прим. | C77: Прокладка перехода из оцинкованной стали толщиной 0,5 мм, ф319/ф200 | D77: 100 м2 | E77: 0.0016 | F77: 2537.97 | G77: 1893.46 | H77: 139.84 | I77: 7.83 | K77: 4 | L77: 3 | O77: 153.69 | P77: 0.25
A78: 51 | B78: ТСЦ-301-1790 прим. | C78: Переход из оцинкованной стали толщиной 0,5 мм, ф319/ф200 | D78: м2 | E78: 0.162 | F78: 214.85 | K78: 35
A79: 52 | B79: ТЕР20-01-001-03 прим. | C79: Прокладка перехода из оцинкованной стали толщиной 0,5 мм, 200х200/ф200 | D79: 100 м2 | E79: 0.0007 | F79: 2601.53 | G79: 1893.46 | H79: 136.2 | I79: 7.46 | K79: 2 | L79: 1 | O79: 153.69 | P79: 0.11
A80: 53 | B80: ТСЦ-301-1786 прим. | C80: Переход из оцинкованной стали толщиной 0,5 мм, 200х200/ф200 | D80: м2 | E80: 0.07 | F80: 347.48 | K80: 24
A81: 54 | B81: ТЕР20-01-001-01 | C81: Прокладка воздуховодов из листовой, оцинкованной стали и алюминия класса Н (нормальные) толщиной 0,5 мм, диаметром до 200 мм | D81: 100 м2 | E81: 0.088 | F81: 2810.67 | G81: 2068.04 | H81: 170.31 | I81: 9.46 | K81: 247 | L81: 182 | M81: 15 | N81: 1 | O81: 167.86 | P81: 14.77
A82: 55 | B82: ТСЦ-301-1786 | C82: Воздуховоды из оцинкованной стали толщиной 0,5 мм, диаметром до 200 мм | D82: м2 | E82: 8.8 | F82: 347.48 | K82: 3058
A83: 56 | B83: ТЕР20-01-001-03 | C83: Прокладка воздуховодов из листовой, оцинкованной стали и алюминия класса Н (нормальные) толщиной 0,5 мм, периметром 800, 1000 мм | D83: 100 м2 | E83: 0.052 | F83: 2601.53 | G83: 1893.46 | H83: 136.2 | I83: 7.46 | K83: 135 | L83: 98 | M83: 7 | O83: 153.69 | P83: 7.99
A84: 57 | B84: ТСЦ-301-1793 прим. | C84: Воздуховоды из оцинкованной стали толщиной 0,5 мм, периметром до 1000 мм | D84: м2 | E84: 5.2 | F84: 267.29 | K84: 1390
A85: 58 | B85: ТЕР20-01-002-22 прим. | C85: Прокладка воздуховодов из листовой оцинкованной стали толщиной 1,4 мм, диаметром 200 мм | D85: 100 м2 | E85: 0.063 | F85: 1459.57 | G85: 663.43 | H85: 147.61 | I85: 7.28 | K85: 92 | L85: 42 | M85: 9 | O85: 53.85 | P85: 3.39
A86: 59 | B86: ТСЦ-301-1799 прим. | C86: Воздуховоды из оцинкованной стали толщиной 1,4 мм, диаметром 200 мм | D86: м2 | E86: 6.3 | F86: 272.33 | K86: 1716
A87: 60 | B87: ТСЦ-301-0475 прим. | C87: Крепления для воздуховодов | D87: т | E87: 0.02 | F87: 8739.36 | K87: 175
A88: 61 | B88: ТЕР20-02-002-01 | C88: Установка решеток жалюзийных площадью в свету до 0,5 м2 | D88: 1 решетка | E88: 7 | F88: 24.67 | G88: 18.44 | H88: 2.94 | K88: 173 | L88: 129 | M88: 21 | O88: 1.46 | P88: 10.22
A89: 62 | B89: Цена поставщика. | C89: Решетка наружная АМН-К 250х150 (Цена:230,00:1,18:4,42*1,02=44,98) | D89: шт | E89: 6 | F89: 44.98 | K89: 270
A90: 63 | B90: ТСЦ-301-0603 прим. | C90: Сетка с движком 150х100 | D90: м2 | E90: 0.015 | F90: 164.22 | K90: 2
A91: 64 | B91: ТЕР20-02-006-01 прим. | C91: Установка клапана противопожарного КЛОП-1 с приводом диаметром до 250 мм | D91: 1 шт. | E91: 1 | F91: 39.9 | G91: 20.59 | H91: 2.09 | K91: 40 | L91: 21 | M91: 2 | O91: 1.63 | P91: 1.63
A92: 65 | B92: Цена поставщика. | C92: Стоимость клапана КЛОП-1 с приводом. (Цена:12040,00:4,42*1,02=2778,46) | D92: 1шт | E92: 1 | F92: 2778.46 | K92: 2778
A93: Раздел 3. Отопление.
A94: 66 | B94: ТЕР18-03-001-02 | C94: Установка радиаторов стальных | D94: 100 кВт | E94: 0.03 | F94: 2426.28 | G94: 828.53 | H94: 270.15 | I94: 20.22 | K94: 73 | L94: 25 | M94: 8 | N94: 1 | O94: 65.6 | P94: 1.97
A95: Уд | B95: 1. 301-0559 | C95: Радиаторы стальные панельные РСВ2-1, РСВ2-6 однорядные | D95: кВт | E95: 100 3 | F95: 179.38 | K95: 538.14
A96: 67 | B96: Цена поставщика. | C96: Радиатор электр.масляный "Термософт" с терморег. МЕВ-510 (Цена:13846,00:1,18:4,42*1,02=2707,82) | D96: шт | E96: 3 | F96: 2707.82 | K96: 8123
A97: 68 | B97: ТЕР18-03-001-02 | C97: Установка радиаторов стальных | D97: 100 кВт | E97: 0.012 | F97: 2426.28 | G97: 828.53 | H97: 270.15 | I97: 20.22 | K97: 29 | L97: 10 | M97: 3 | O97: 65.6 | P97: 0.79
A98: Уд | B98: 1. 301-0559 | C98: Радиаторы стальные панельные РСВ2-1, РСВ2-6 однорядные | D98: кВт | E98: 100 1,2 | F98: 179.38 | K98: 215.26
A99: 69 | B99: Цена поставщика. | C99: Радиатор электр.масляный "Термософт" с терморег. МЕВ-512 (Цена:14663,00:1,18:4,42*1,02=2867,60) | D99: шт | E99: 1 | F99: 2867.6 | K99: 2868
A100: 70 | B100: ТЕР18-03-001-02 | C100: Установка радиаторов стальных | D100: 100 кВт | E100: 0.016 | F100: 2426.28 | G100: 828.53 | H100: 270.15 | I100: 20.22 | K100: 39 | L100: 13 | M100: 4 | O100: 65.6 | P100: 1.05
A101: Уд | B101: 1. 301-0559 | C101: Радиаторы стальные панельные РСВ2-1, РСВ2-6 однорядные | D101: кВт | E101: 100 1,6 | F101: 179.38 | K101: 287.01
A102: 71 | B102: Цена поставщика. | C102: Радиатор электр.масляный "Термософт" с терморег. МЕВ-508 (Цена:12599,00:1,18:4,42*1,02=2463,95) | D102: шт | E102: 2 | F102: 2463.95 | K102: 4928
A103: Итого прямые затраты по смете в ценах 2001г. | K103: 105922 | L103: 3347 | M103: 907 | N103: 40 | P103: 260.95
...

Sheet 24597
A1: СОГЛАСОВАНО: | E1: ФГУП "Комбинат "Электрохимприбор" | M1: УТВЕРЖДАЮ:
G2: (наименование стройки) | M2: Зам.генерального директора
A3: _________________ | N3: Е.В. Гордеев
A4: " _____ " ________________ 2013 г. | M4: __________________
G5: ЛОКАЛЬНЫЙ СМЕТНЫЙ РАСЧЕТ № 24597-П13 | M5: "______ " __________2013 г.
G6: (локальная смета)
D8: на строительство здания 637 подготовки зарядов пл.6. Раздел: генплан
E9: (наименование работ и затрат, наименование объекта)
D12: Основание: проект № 24380-12-ГП/ДСП | N12: Справочно, в тыс.руб. :
D13: Сметная стоимость строительных работ _______________________________________________________________________________________________ | J13: ___________________________224,557 | L13: тыс. руб. | N13: с К=5,56 | P13: =224.557*5.56 -> 1248.5369
D14: Средства на оплату труда _______________________________________________________________________________________________ | J14: ___________________________6,744 | L14: тыс. руб. | N14: с К=5,56 | P14: =6.744*5.56 -> 37.49664
D15: Сметная трудоемкость _______________________________________________________________________________________________ | J15: _______________________________________________________________________________________________229,81 | L15: чел.час
D16: Материалы ____________________________________________________________ | K16: 285,422 тыс.руб. | N16: с К=5,56 | P16: =285.422*5.56 -> 1586.9463
D17: Составлен(а) в базовых ценах 2001г. в редакции 2009г.
A19: № пп | B19: Обоснование | C19: Наименование | D19: Ед. изм. | E19: Кол. | F19: Стоимость единицы, руб. | J19: Общая стоимость, руб. | N19: Т/з осн. раб.на ед. | O19: Т/з осн. раб. Всего | P19: Т/з мех. на ед. | Q19: Т/з мех. Всего
F20: Всего | G20: В том числе | J20: Всего | K20: В том числе
G21: Осн.З/п | H21: Эк.Маш | I21: З/пМех | K21: Осн.З/п | L21: Эк.Маш | M21: З/пМех
A22: 1 | B22: 2 | C22: 3 | D22: 4 | E22: 5 | F22: 6 | G22: 7 | H22: 8 | I22: 9 | J22: 10 | K22: 11 | L22: 12 | M22: 13 | N22: 14 | O22: 15 | P22: 16 | Q22: 17
A23: Раздел 1. Подготовительные работы
A24: 1 | B24: ТЕР01-02-114-02 | C24: Корчевка кустарника и мелколесья в грунтах естественного залегания корчевателями-собирателями на тракторе мощностью 79 кВт (108 л.с.), кустарник и мелколесье средние | D24: 1 га | E24: 0.032 | F24: 806.45 | H24: 806.45 | I24: 108.19 | J24: 26 | L24: 26 | M24: 3 | P24: 7.4 | Q24: 0.24
A25: 2 | B25: ТЕР01-02-116-02 | C25: Сгребание срезанного или выкорчеванного кустарника и мелколесья кустарниковыми граблями на тракторе 79 (108) кВт (л.с.) с перемещением до 20 м, кустарник и мелколесье: средние | D25: 1 га | E25: 0.032 | F25: 264 | H25: 264 | I25: 43.94 | J25: 8 | L25: 8 | M25: 1 | P25: 2.6 | Q25: 0.08
A26: 3 | B26: ТЕР01-02-122-02 | C26: Перетряхивание валов из кустарника, мелколесья и корней корчевателями-собирателями на тракторе мощностью 59 кВт (80 л.с.), кустарник и мелколесье средние | D26: 1 га | E26: 0.032 | F26: 163.44 | H26: 163.44 | I26: 25.34 | J26: 5 | L26: 5 | M26: 1 | P26: 1.87 | Q26: 0.06
A27: 4 | B27: СЦП1-1-27-А | C27: Погрузочные работы при автомобильных перевозках: мусор строительный (кустарник) | D27: т | E27: 0.24 | F27: 2.7 | J27: 1 | L27: 1
A28: 5 | B28: СЦП3-3-5-1 | C28: Перевозка грузов автомобилями-самосвалами (работающими вне карьеров): расстояние 5 км, класс груза I КОЭФ. К ПОЗИЦИИ: 17 При перевозке грузов к провозной плате (тарифам) применять поправочный коэффициент ПЗ=1,37 (ОЗП=1,37; ЭМ=1,37 к расх.; ЗПМ=1,37; МАТ=1,37 к расх.; ТЗ=1,37; ТЗМ=1,37) | D28: т | E28: 0.24 | F28: 10.58 | H28: 10.58 | J28: 3 | L28: 3
A29: Раздел 2. Земляные работы
A30: 6 | B30: ТЕР01-01-030-06 | C30: Разработка грунта (срезка растит. слоя) с перемещением до 10 м бульдозерами мощностью 79 кВт (108 л.с.), группа грунтов 2 | D30: 1000 м3 | E30: 0.135 | F30: 798.73 | H30: 798.73 | I30: 126.73 | J30: 108 | L30: 108 | M30: 17 | P30: 7.49 | Q30: 1.01
A31: 7 | B31: ТЕР01-01-030-14 | C31: При перемещении грунта на каждые последующие 10 м добавлять к расценке 01-01-030-06 | D31: 1000 м3 | E31: 0.135 | F31: 632.38 | H31: 632.38 | I31: 100.34 | J31: 85 | L31: 85 | M31: 14 | P31: 5.93 | Q31: 0.8
A32: 8 | B32: ТЕР01-01-036-02 | C32: Планировка площадей бульдозерами мощностью 79 кВт (108 л.с.) | D32: 1000 м2 | E32: 0.902 | F32: 26.66 | H32: 26.66 | I32: 4.23 | J32: 24 | L32: 24 | M32: 4 | P32: 0.25 | Q32: 0.23
A33: 9 | B33: ТЕР01-01-030-06 | C33: Рытье корыта под дорожную одежду бульдозерами мощностью 79 кВт (108 л.с.), группа грунтов 2 | D33: 1000 м3 | E33: 0.63 | F33: 798.73 | H33: 798.73 | I33: 126.73 | J33: 503 | L33: 503 | M33: 80 | P33: 7.49 | Q33: 4.72
A34: 10 | B34: ТЕР01-01-030-14 | C34: При перемещении грунта на каждые последующие 10 м добавлять к расценке 01-01-030-06 | D34: 1000 м3 | E34: 0.631 | F34: 632.38 | H34: 632.38 | I34: 100.34 | J34: 399 | L34: 399 | M34: 63 | P34: 5.93 | Q34: 3.74
A35: 11 | B35: ТЕР01-01-013-08 | C35: Разработка грунта с погрузкой на автомобили-самосвалы экскаваторами с ковшом вместимостью 0,65 (0,5-1) м3, группа грунтов: 2 (водоотводная канава) | D35: 1000 м3 | E35: 0.132 | F35: 4450.03 | G35: 125.4 | H35: 4321.08 | I35: 559.22 | J35: 587 | K35: 17 | L35: 570 | M35: 74 | N35: 11.41 | O35: 1.51 | P35: 33.09 | Q35: 4.37
A36: 12 | B36: ТЕР01-01-013-08 | C36: Разработка грунта с погрузкой на автомобили-самосвалы экскаваторами с ковшом вместимостью 0,65 (0,5-1) м3, группа грунтов: 2 (лишний грунт) | D36: 1000 м3 | E36: 0.766 | F36: 4450.03 | G36: 125.4 | H36: 4321.08 | I36: 559.22 | J36: 3409 | K36: 96 | L36: 3310 | M36: 428 | N36: 11.41 | O36: 8.74 | P36: 33.09 | Q36: 25.35
A37: 13 | B37: СЦП3-3-5-1 | C37: Перевозка грузов автомобилями-самосвалами (работающими вне карьеров): расстояние 5 км, класс груза I КОЭФ. К ПОЗИЦИИ: 17 При перевозке грузов к провозной плате (тарифам) применять поправочный коэффициент ПЗ=1,37 (ОЗП=1,37; ЭМ=1,37 к расх.; ЗПМ=1,37; МАТ=1,37 к расх.; ТЗ=1,37; ТЗМ=1,37) | D37: т | E37: 1533.4 | F37: 10.58 | H37: 10.58 | J37: 16223 | L37: 16223
A38: Раздел 3. Устройство дорожной одежды
A39: 14 | B39: ТЕР01-02-003-05 | C39: Уплотнение грунта вибрационными катками 2,2 т на первый проход по одному следу при толщине слоя 50 см | D39: 1000 м3 | E39: 0.3 | F39: 821.85 | H39: 821.85 | I39: 137.27 | J39: 247 | L39: 247 | M39: 41 | P39: 8.2 | Q39: 2.46
A40: 15 | B40: ТЕР01-02-003-11 | C40: На каждый последующий проход по одному следу добавлять к расценке 01-02-003-05 КОЭФ. К ПОЗИЦИИ: Новый коэффициент ПЗ=7 (ОЗП=7; ЭМ=7 к расх.; ЗПМ=7; МАТ=7 к расх.; ТЗ=7; ТЗМ=7) | D40: 1000 м3 | E40: 0.3 | F40: 482.79 | H40: 482.79 | I40: 124.67 | J40: 145 | L40: 145 | M40: 37 | P40: 7.98 | Q40: 2.39
A41: 16 | B41: ТЕР27-04-005-01 прим. | C41: Устройство оснований толщиной 15 см из скального грунта при укатке каменных материалов однослойных | D41: 1000 м2 | E41: 0.595 | F41: 6525.89 | G41: 429.21 | H41: 5950.28 | I41: 827.17 | J41: 3883 | K41: 255 | L41: 3540 | M41: 492 | N41: 37.29 | O41: 22.19 | P41: 49.92 | Q41: 29.7
A42: 17 | B42: ТЕР27-04-005-04 | C42: На каждый 1 см изменения толщины слоя добавлять или исключать к расценке 27-04-005-01 КОЭФ. К ПОЗИЦИИ: на увеличение толщины слоя ПЗ=35 (ОЗП=35; ЭМ=35 к расх.; ЗПМ=35; МАТ=35 к расх.; ТЗ=35; ТЗМ=35) | D42: 1000 м2 | E42: 0.595 | F42: 8710.45 | H42: 8710.45 | I42: 1409.1 | J42: 5183 | L42: 5183 | M42: 838 | P42: 87.85 | Q42: 52.27
A43: 18 | B43: ТСЦ-408-0426 прим. | C43: Скальный грунт, фракции 120-150 мм | D43: м3 | E43: 374.9 | F43: 119.83 | J43: 44924
A44: 19 | B44: ТЕР27-04-005-01 | C44: Устройство оснований толщиной 15 см из щебня фракции 40-70 мм при укатке каменных материалов с пределом прочности на сжатие свыше 98,1 МПа (1000 кгс/см2) однослойных | D44: 1000 м2 | E44: 0.595 | F44: 32528.99 | G44: 429.21 | H44: 5950.28 | I44: 827.17 | J44: 19355 | K44: 255 | L44: 3540 | M44: 492 | N44: 37.29 | O44: 22.19 | P44: 49.92 | Q44: 29.7
A45: 20 | B45: ТЕР27-04-005-04 | C45: На каждый 1 см изменения толщины слоя добавлять к расценке 27-04-005-01 КОЭФ. К ПОЗИЦИИ: на увеличение толщины слоя ПЗ=5 (ОЗП=5; ЭМ=5 к расх.; ЗПМ=5; МАТ=5 к расх.; ТЗ=5; ТЗМ=5) | D45: 1000 м2 | E45: 0.595 | F45: 9179.2 | H45: 1244.35 | I45: 201.3 | J45: 5462 | L45: 740 | M45: 120 | P45: 12.55 | Q45: 7.47
A46: 21 | B46: ТЕР27-06-018-04 | C46: Устройство основания из черного щебня толщиной 6 см с плотностью каменных материалов 3 т/м3 и более КОЭФ. К ПОЗИЦИИ: на толщину 8 см ПЗ=1,33 (ОЗП=1,33; ЭМ=1,33 к расх.; ЗПМ=1,33; МАТ=1,33 к расх.; ТЗ=1,33; ТЗМ=1,33) | D46: 1000 м2 | E46: 0.595 | F46: 84127.73 | G46: 788.74 | H46: 4404.64 | I46: 365.98 | J46: 50056 | K46: 469 | L46: 2621 | M46: 218 | N46: 60.95 | O46: 36.27 | P46: 21.44 | Q46: 12.76
A47: 22 | B47: ТЕР27-06-020-01 | C47: Устройство покрытия толщиной 4 см из горячих асфальтобетонных смесей плотных мелкозернистых типа АБВ, плотность каменных материалов 2,5-2,9 т/м3 | D47: 1000 м2 | E47: 0.595 | F47: 55602.96 | G47: 518.97 | H47: 2984 | I47: 322.26 | J47: 33084 | K47: 309 | L47: 1775 | M47: 192 | N47: 38.3 | O47: 22.79 | P47: 19.08 | Q47: 11.35
A48: 23 | B48: ТЕР27-06-021-01 | C48: На каждые 0,5 см изменения толщины покрытия добавлять к расценке 27-06-020-01 КОЭФ. К ПОЗИЦИИ: на увеличение толщины слоя ПЗ=2 (ОЗП=2; ЭМ=2 к расх.; ЗПМ=2; МАТ=2 к расх.; ТЗ=2; ТЗМ=2) | D48: 1000 м2 | E48: 0.595 | F48: 13003.12 | G48: 2.44 | H48: 6.64 | J48: 7737 | K48: 1 | L48: 4 | N48: 0.18 | O48: 0.11
A49: 24 | B49: ТЕР27-06-022-07 | C49: Одиночная поверхностная обработка усовершенствованных покрытий битумом с применением щебня | D49: 1000 м2 | E49: 0.595 | F49: 5815.85 | G49: 200.81 | H49: 834.34 | I49: 112.19 | J49: 3460 | K49: 119 | L49: 496 | M49: 67 | N49: 16.72 | O49: 9.95 | P49: 6.58 | Q49: 3.92
A50: 25 | B50: ТЕР27-02-010-02 | C50: Установка бортовых камней бетонных при других видах покрытий | D50: 100 м | E50: 1 | F50: 4479.96 | G50: 906.11 | H50: 91.05 | I50: 12.38 | J50: 4480 | K50: 906 | L50: 91 | M50: 12 | N50: 76.08 | O50: 76.08 | P50: 0.68 | Q50: 0.68
A51: 26 | B51: ТСЦ-403-8021 | C51: Камни бортовые БР 100.30.15 / бетон В30 (М400), объем 0,043 м3/ (ГОСТ 6665-91) | D51: шт. | E51: 100 | F51: 59.88 | J51: 5988
A52: Итого прямые затраты по смете в ценах 2001г. | J52: 205385 | K52: 2427 | L52: 39647 | M52: 3194 | O52: 199.83 | Q52: 193.3
A53: Итого прямые затраты по смете с учетом коэффициентов к итогам | J53: 209542 | K53: 2912 | L53: 43319 | M53: 3832 | O53: 229.81 | Q53: 222.3
A54: В том числе, справочно:
A55: Районный к-т 4,3% (Поз. 6-12, 14-26) | J55: 243 | K55: 104 | L55: 137 | M55: 137
A56: 7. Строительство новых объектов в стесненных условиях: на территориях действующих предприятий ОЗП=1,15; ЭМ=1,15; ЗПМ=1,15; ТЗ=1,15; ТЗМ=1,15 (Поз. 1-3, 6-12, 14-26) | J56: 3914 | K56: 380 | L56: 3534 | M56: 500 | O56: 29.9745 | Q56: 28.995
A57: Накладные расходы | J57: 9082
A58: В том числе, справочно:
A59: 80% ФОТ (от 6) (Поз. 1-3) | J59: 5
A60: 95% ФОТ (от 1046) (Поз. 6-12, 14-15) | J60: 994
A61: 142% ФОТ (от 5692) (Поз. 16-26) | J61: 8083
A62: Сметная прибыль | J62: 5933
A63: В том числе, справочно:
A64: 45% ФОТ (от 6) (Поз. 1-3) | J64: 3
A65: 50% ФОТ (от 1046) (Поз. 6-12, 14-15) | J65: 523
A66: 95% ФОТ (от 5692) (Поз. 16-26) | J66: 5407
A67: Итоги по смете:
A68: Земляные работы, выполняемые по другим видам работ (подготовительным, сопутствующим, укрепительным) | J68: 53 | Q68: 0.44
A69: Погрузо-разгрузочные работы при автоперевозках | J69: 1
A70: Перевозка грузов автотранспортом | J70: 16226
A71: Земляные работы, выполняемые механизированным способом | J71: 7894 | O71: 11.79 | Q71: 51.83
A72: Автомобильные дороги | J72: 200383 | O72: 218.02 | Q72: 170.03
A73: Итого | J73: 224557 | O73: 229.81 | Q73: 222.3
A74: В том числе:
A75: Материалы | J75: 163311
A76: Машины и механизмы | J76: 43319
A77: ФОТ | J77: 6744
A78: Накладные расходы | J78: 9082
A79: Сметная прибыль | J79: 5933
A80: ВСЕГО по смете | J80: 224557 | O80: 229.81 | Q80: 222.3

Sheet 24601
A1: СОГЛАСОВАНО: | E1: ФГУП "Комбинат "Электрохимприбор" | M1: УТВЕРЖДАЮ:
E2: (наименование стройки) | M2: Зам.генерального директора
A3: _________________ | N3: Е.В. Гордеев
A4: " _____ " ________________ 2013 г. | M4: __________________
G5: ЛОКАЛЬНЫЙ СМЕТНЫЙ РАСЧЕТ № 24601-П13 | M5: "______ " __________2013 г.
G6: (локальная смета)
C8: на | D8: строительство здания 637 подготовки зараядов пл.6. Раздел: архитектурно-строительный
E9: (наименование работ и затрат, наименование объекта)
D12: Основание: проект № 24376-12-АС | N12: Справочно, в тыс.руб. :
D13: Сметная стоимость строительных работ _______________________________________________________________________________________________ | J13: ___________________________510,943 | L13: тыс. руб. | N13: с К=5,56 | P13: =510.943*5.56 -> 2840.8431
D14: Средства на оплату труда _______________________________________________________________________________________________ | J14: ___________________________36,817 | L14: тыс. руб. | N14: с К=5,56 | P14: =36.817*5.56 -> 204.70252
D15: Сметная трудоемкость _______________________________________________________________________________________________ | J15: _______________________________________________________________________________________________2604,05 | L15: чел.час
D16: Материалы ____________________________________________________________ | K16: 377,448 тыс.руб. | N16: с К=5,56 | P16: =377.448*5.56 -> 2098.6109
D17: Составлен(а) в базовых ценах 2001г. в редакции 2009г.
A19: № пп | B19: Обоснование | C19: Наименование | D19: Ед. изм. | E19: Кол. | F19: Стоимость единицы, руб. | J19: Общая стоимость, руб. | N19: Т/з осн. раб.на ед. | O19: Т/з осн. раб. Всего | P19: Т/з мех. на ед. | Q19: Т/з мех. Всего
F20: Всего | G20: В том числе | J20: Всего | K20: В том числе
G21: Осн.З/п | H21: Эк.Маш | I21: З/пМех | K21: Осн.З/п | L21: Эк.Маш | M21: З/пМех
A22: 1 | B22: 2 | C22: 3 | D22: 4 | E22: 5 | F22: 6 | G22: 7 | H22: 8 | I22: 9 | J22: 10 | K22: 11 | L22: 12 | M22: 13 | N22: 14 | O22: 15 | P22: 16 | Q22: 17
A23: Раздел 1. Фундаменты
A24: под стены
A25: 1 | B25: ТЕР01-01-003-09 | C25: Разработка грунта в отвал экскаваторами «драглайн» или «обратная лопата» с ковшом вместимостью 0,65 (0,5-1) м3, группа грунтов 3 | D25: 1000 м3 | E25: 0.226 | F25: 4796.33 | G25: 145.29 | H25: 4651.04 | I25: 489.16 | J25: 1084 | K25: 33 | L25: 1051 | M25: 111 | N25: 13.22 | O25: 2.99 | P25: 28.91 | Q25: 6.53
A26: 2 | B26: ТЕР01-02-057-02 | C26: Разработка грунта вручную в траншеях глубиной до 2 м без креплений с откосами, группа грунтов 2 КОЭФ. К ПОЗИЦИИ: Доработка вручную, зачистка дна и стенок с выкидкой грунта в котлованах и траншеях, разработанных механизированным способом ОЗП=1,2; ТЗ=1,2 | D26: 100 м3 | E26: 0.068 | F26: 2030.95 | G26: 2030.95 | J26: 138 | K26: 138 | N26: 184.8 | O26: 12.57
A27: 3 | B27: ТЕР08-01-002-02 | C27: Устройство основания под фундаменты щебеночного | D27: 1 м3 | E27: 0.0053 | F27: 288.26 | G27: 27.62 | H27: 67.69 | I27: 7.48 | J27: 2 | N27: 2.4 | O27: 0.01 | P27: 0.54
A28: 4 | B28: ТЕР06-01-001-22 | C28: Устройство ленточных фундаментов железобетонных при ширине по верху до 1000 мм | D28: 100 м3 | E28: 0.435 | F28: 79747.23 | G28: 5566.58 | H28: 8517.37 | I28: 523.04 | J28: 34690 | K28: 2421 | L28: 3705 | M28: 228 | N28: 446.04 | O28: 194.03 | P28: 28.77 | Q28: 12.52
A29: 5 | B29: ТСЦ-204-0825 | C29: Каркасы металлические | D29: т | E29: 2.37 | F29: 7470.18 | J29: 17704
A30: 6 | B30: ТСЦ-204-0048 | C30: Надбавки к ценам заготовок за сборку и сварку каркасов и сеток пространственных, диаметром 10 мм | D30: т | E30: 2.37 | F30: 3396.2 | J30: 8049
A31: 7 | B31: ТЕР08-01-003-07 | C31: Гидроизоляция боковая обмазочная битумная в 2 слоя по бетону | D31: 100 м2 | E31: 1.85 | F31: 1496.69 | G31: 284.08 | H31: 104.01 | J31: 2769 | K31: 526 | L31: 192 | N31: 21.2 | O31: 39.22
A32: 8 | B32: ТЕР08-01-003-03 | C32: Гидроизоляция стен, фундаментов горизонтальная оклеечная в 2 слоя | D32: 100 м2 | E32: 0.27 | F32: 4988.12 | G32: 241.4 | H32: 220.12 | J32: 1347 | K32: 65 | L32: 59 | N32: 20.1 | O32: 5.43
A33: 9 | B33: ТЕР01-01-033-01 | C33: Засыпка траншей и котлованов с перемещением грунта до 5 м бульдозерами мощностью 59 кВт (80 л.с.), группа грунтов 1 | D33: 1000 м3 | E33: 0.1825 | F33: 704.9 | H33: 704.9 | I33: 118.71 | J33: 129 | L33: 129 | M33: 22 | P33: 7.6 | Q33: 1.39
A34: 10 | B34: ТЕР01-02-005-01 | C34: Уплотнение грунта пневматическими трамбовками, группа грунтов 1-2 | D34: 100 м3 | E34: 1.825 | F34: 604.71 | G34: 150.49 | H34: 454.22 | I34: 47.48 | J34: 1104 | K34: 275 | L34: 829 | M34: 87 | N34: 12.53 | O34: 22.87 | P34: 3.04 | Q34: 5.55
A35: 11 | B35: ТЕР01-01-013-01 | C35: Разработка грунта с погрузкой на автомобили-самосвалы экскаваторами с ковшом вместимостью 1 (1-1,2) м3, группа грунтов 1 | D35: 1000 м3 | E35: 0.044 | F35: 3222.6 | G35: 70.34 | H35: 3148.43 | I35: 524.17 | J35: 142 | K35: 3 | L35: 139 | M35: 23 | N35: 6.4 | O35: 0.28 | P35: 32.72 | Q35: 1.44
A36: 12 | B36: СЦП3-3-10-1 | C36: Перевозка грузов автомобилями-самосвалами: расстояние 10 км, класс груза I КОЭФ. К ПОЗИЦИИ: При перевозке грузов к провозной плате (тарифам) применять поправочный коэффициент ПЗ=1,37 (ОЗП=1,37; ЭМ=1,37 к расх.; ЗПМ=1,37; МАТ=1,37 к расх.; ТЗ=1,37; ТЗМ=1,37) | D36: т | E36: 88 | F36: 18.37 | H36: 18.37 | J36: 1617 | L36: 1617
A37: 13 | B37: ТЕР01-01-016-01 | C37: Работа на отвале, группа грунтов 1 | D37: 1000 м3 | E37: 0.044 | F37: 391.87 | G37: 32.86 | H37: 356.46 | I37: 55.16 | J37: 17 | K37: 1 | L37: 16 | M37: 2 | N37: 2.99 | O37: 0.13 | P37: 3.26 | Q37: 0.14
A38: под перегородку толщиной 120 мм
A39: 14 | B39: ТЕР08-01-002-02 | C39: Устройство основания под фундаменты щебеночного | D39: 1 м3 | E39: 0.05 | F39: 288.26 | G39: 27.62 | H39: 67.69 | I39: 7.48 | J39: 14 | K39: 1 | L39: 3 | N39: 2.4 | O39: 0.12 | P39: 0.54 | Q39: 0.03
A40: 15 | B40: ТЕР06-01-001-16 | C40: Устройство фундаментов под кирпичные перегородки толщиной 120 мм | D40: 100 м3 | E40: 0.002 | F40: 10431.98 | G40: 2650.13 | H40: 7038.24 | I40: 496.22 | J40: 21 | K40: 5 | L40: 14 | M40: 1 | N40: 220.66 | O40: 0.44 | P40: 27.31 | Q40: 0.05
A41: 16 | B41: ТСЦ-401-0064 | C41: Бетон тяжелый, крупность заполнителя 20 мм, класс В10 (М150) | D41: м3 | E41: 0.203 | F41: 562.22 | J41: 114
A42: 17 | B42: ТСЦ-204-0013 | C42: Горячекатаная арматурная сталь периодического профиля класса А-II, диаметром 14 мм | D42: т | E42: 0.006 | F42: 4445.05 | J42: 27
A43: 18 | B43: ТЕР08-01-003-03 | C43: Гидроизоляция стен, фундаментов горизонтальная оклеечная в 2 слоя | D43: 100 м2 | E43: 0.003 | F43: 3626.32 | G43: 241.4 | H43: 220.12 | J43: 11 | K43: 1 | L43: 1 | N43: 20.1 | O43: 0.06
A44: 19 | B44: ТСЦ-101-1746 | C44: Рубероид кровельный с мелкой посыпкой РМ-350 | D44: м2 | E44: 0.66 | F44: 6.95 | J44: 5
A45: Раздел 2. Стены, козырьки и проемы
A46: Стены и перегородки
A47: 20 | B47: ТЕР08-02-002-03 | C47: Кладка перегородок из кирпича армированных толщиной в 1/2 кирпича при высоте этажа до 4 м | D47: 100 м2 | E47: 0.091 | F47: 10332.14 | G47: 2043.74 | H47: 1064 | I47: 74.8 | J47: 940 | K47: 186 | L47: 97 | M47: 7 | N47: 170.17 | O47: 15.49 | P47: 4.11 | Q47: 0.37
A48: 21 | B48: ТЕР06-01-015-08 | C48: Установка металлических перемычек весом до 20 кг | D48: 1 т | E48: 0.013 | F48: 850 | G48: 807.95 | H48: 42.05 | I48: 2.73 | J48: 11 | K48: 11 | N48: 63.22 | O48: 0.82 | P48: 0.15
A49: 22 | B49: ТСЦ-101-3699 | C49: Сталь угловая неравнополочная, марка стали Ст3пс, размером 110х70 мм | D49: т | E49: 0.013 | F49: 6679.54 | J49: 87
A50: 23 | B50: ТЕР13-03-002-04 | C50: Огрунтовка металлических перемычек за один раз грунтовкой ГФ-021 | D50: 100 м2 | E50: 0.006 | F50: 417.46 | G50: 79.65 | H50: 10.15 | I50: 0.16 | J50: 3 | N50: 5.31 | O50: 0.03 | P50: 0.01
A51: 24 | B51: ТЕР13-03-004-23 | C51: Окраска металлических перемычек поверхностей краской БТ-177 КОЭФ. К ПОЗИЦИИ: окраска за 2 раза ПЗ=2 (ОЗП=2; ЭМ=2 к расх.; ЗПМ=2; МАТ=2 к расх.; ТЗ=2; ТЗМ=2) | D51: 100 м2 | E51: 0.006 | F51: 777.58 | G51: 73.62 | H51: 26.6 | I51: 0.32 | J51: 5 | N51: 5.76 | O51: 0.03 | P51: 0.02
A52: 25 | B52: ТЕР06-01-031-09 | C52: Устройство железобетонных стен и перегородок высотой до 6 м, толщиной 250 мм, 300 мм | D52: 100 м3 | E52: 0.204 | F52: 50789.79 | G52: 14807.41 | H52: 22312.49 | I52: 1433.92 | J52: 10361 | K52: 3021 | L52: 4552 | M52: 293 | N52: 1201.9 | O52: 245.19 | P52: 78.83 | Q52: 16.08
A53: 26 | B53: ТСЦ-401-0089 | C53: Бетон тяжелый, крупность заполнителя 10 мм, класс В25 (М350) | D53: м3 | E53: 20.71 | F53: 684.8 | J53: 14182
A54: 27 | B54: ТЕР06-01-031-10 | C54: Устройство железобетонных стен и перегородок высотой до 6 м, толщиной 400 мм | D54: 100 м3 | E54: 0.442 | F54: 36587.56 | G54: 10819.67 | H54: 15668.61 | I54: 1001.91 | J54: 16172 | K54: 4782 | L54: 6926 | M54: 443 | N54: 878.22 | O54: 388.17 | P54: 55.08 | Q54: 24.35
A55: 28 | B55: ТСЦ-401-0089 | C55: Бетон тяжелый, крупность заполнителя 10 мм, класс В25 (М350) | D55: м3 | E55: 44.9 | F55: 684.8 | J55: 30748
A56: 29 | B56: ТСЦ-204-0825 | C56: Каркасы металлические | D56: т | E56: 3.865 | F56: 7470.18 | J56: 28872
A57: 30 | B57: ТСЦ-204-0048 | C57: Надбавки к ценам заготовок за сборку и сварку каркасов и сеток пространственных, диаметром 10 мм | D57: т | E57: 3.865 | F57: 3396.2 | J57: 13126
A58: 31 | B58: ТЕР06-01-015-06 | C58: Установка анкеров, остающихся в теле бетона | D58: 1 т | E58: 0.012 | F58: 11035.04 | G58: 627.77 | H58: 589.31 | I58: 31.85 | J58: 132 | K58: 8 | L58: 7 | N58: 46.33 | O58: 0.56 | P58: 1.75 | Q58: 0.02
A59: 32 | B59: ТСЦ-101-1896 | C59: Сталь угловая равнополочная, марка стали Ст3сп, шириной полок 75-90 мм | D59: т | E59: 0.01 | F59: 6753.2 | J59: 68
A60: 33 | B60: ТСЦ-204-0011 | C60: Горячекатаная арматурная сталь периодического профиля класса А-II, диаметром 10 мм | D60: т | E60: 0.002 | F60: 4608 | J60: 9
A61: 34 | B61: ТЕР07-05-030-06 | C61: Установка козырьков в зданиях | D61: 100 шт. | E61: 0.03 | F61: 42868.04 | G61: 7345.56 | H61: 35244.81 | I61: 2489.58 | J61: 1286 | K61: 220 | L61: 1057 | M61: 75 | N61: 574.77 | O61: 17.24 | P61: 136.79 | Q61: 4.1
A62: 35 | B62: Цена поставщика | C62: Плиты козырьков сплошные КВ18.28-Т /бетон В15 (М200), объем 0,53 м3 (серия 1.238-1 вып.2) (Цена: 5988,83руб:4,42х1,02) | D62: шт. | E62: 3 | F62: 1382.04 | J62: 4146
A63: 36 | B63: ТЕР08-07-001-02 | C63: Установка и разборка наружных инвентарных лесов высотой до 16 м трубчатых для прочих отделочных работ | D63: 100 м2 вертик. проекции | E63: 1.237 | F63: 1075.41 | G63: 529.4 | H63: 7.64 | J63: 1330 | K63: 655 | L63: 9 | N63: 43.5 | O63: 53.81
A64: 37 | B64: ТЕР08-01-003-05 | C64: Гидроизоляция стен, фундаментов боковая оклеечная по выровненной поверхности бутовой кладки, кирпичу и бетону в 2 слоя | D64: 100 м2 | E64: 1.505 | F64: 2674.7 | G64: 627.12 | H64: 210.9 | J64: 4025 | K64: 944 | L64: 317 | N64: 46.8 | O64: 70.43
A65: 38 | B65: ТЕР08-01-003-06 | C65: На каждый слой сверх 2-х добавлять к расценке 08-01-003-05 | D65: 100 м2 | E65: -1.505 | F65: 2098.37 | G65: 302.84 | H65: 95.6 | J65: -3158 | K65: -456 | L65: -144 | N65: 22.6 | O65: -34.01
A66: 39 | B66: Цена поставщика | C66: Гидроизоляция Изоспан А (Цена: 16,20руб:1,18:4,42х1,02) | D66: м2 | E66: 173.1 | F66: 3.17 | J66: 549
A67: 40 | B67: ТЕР26-01-039-01 | C67: Изоляция стен из волокнистых и зернистых материалов насухо | D67: 1 м3 | E67: 16.1 | F67: 209.4 | G67: 138.49 | H67: 70.91 | J67: 3371 | K67: 2230 | L67: 1141 | N67: 10.58 | O67: 170.34
A68: 41 | B68: Цена поставщика | C68: Плиты минераловатные «ЕВРО-БЛОК» (Цена: 2472,22руб:1,18:4,42х1,02) | D68: м3 | E68: 16.42 | F68: 483.49 | J68: 7939
A69: 42 | B69: ТЕР09-04-002-01 прим. | C69: Облицовка стен из профилированного листа | D69: 100 м2 | E69: 1.2 | F69: 1194.29 | G69: 437.36 | H69: 586.29 | I69: 51.86 | J69: 1433 | K69: 525 | L69: 704 | M69: 62 | N69: 35.5 | O69: 42.6 | P69: 2.61 | Q69: 3.13
A70: 43 | B70: ТСЦ-201-0795 | C70: Профиль направляющий ПН-6 100/30/0,6 | D70: м | E70: 300 | F70: 12.53 | J70: 3759
A71: 44 | B71: ТСЦ-101-2406 | C71: Кронштейн выравнивающий стальной оцинкованный, высотой профиля (h) 200 мм, толщиной металла (t) 1,2 мм | D71: шт. | E71: 420 | F71: 15 | J71: 6300
A72: 45 | B72: ТСЦ-101-2797 | C72: Дюбель распорный с металлическим стержнем 10х150 мм | D72: 10 шт. | E72: 42 | F72: 7.15 | J72: 300
A73: 46 | B73: ТСЦ-101-3861 | C73: Профилированный настил окрашенный | D73: т | E73: 0.814 | F73: 22471 | J73: 18291
A74: 47 | B74: ТСЦ-101-1751 | C74: Шурупы-саморезы с шести-восьмигранной головкой 4,5х25(35) мм и специальной уплотнительной прокладкой (шайбой) из ЭПДМ | D74: 10 шт. | E74: 96 | F74: 57 | J74: 5472
A75: 48 | B75: ТЕР09-02-002-02 | C75: Защита листовой сталью сооружений железобетонных с огрунтовкой за 1 раз | D75: 1 т | E75: 4.962 | F75: 449.09 | G75: 111.27 | H75: 288.35 | I75: 30.23 | J75: 2228 | K75: 552 | L75: 1431 | M75: 150 | N75: 8.5 | O75: 42.18 | P75: 1.7 | Q75: 8.44
A76: 49 | B76: ТСЦ-101-1628 | C76: Сталь листовая углеродистая обыкновенного качества марки ВСт3пс5 толщиной 8-20 мм | D76: т | E76: 3.297 | F76: 6190.38 | J76: 20410
A77: 50 | B77: ТСЦ-101-3685 | C77: Швеллеры № 10, 12 сталь марки Ст3пс | D77: т | E77: 1.665 | F77: 5635 | J77: 9382
A78: 51 | B78: ТСЦ-101-1751 | C78: Шурупы-саморезы с шести-восьмигранной головкой 4,5х25(35) мм и специальной уплотнительной прокладкой (шайбой) из ЭПДМ | D78: 10 шт. | E78: 17 | F78: 57 | J78: 969
A79: 52 | B79: ТЕР13-03-002-04 | C79: Огрунтовка швеллеров за один раз грунтовкой ГФ-021 | D79: 100 м2 | E79: 0.724 | F79: 417.46 | G79: 79.65 | H79: 10.15 | I79: 0.16 | J79: 302 | K79: 58 | L79: 7 | N79: 5.31 | O79: 3.84 | P79: 0.01 | Q79: 0.01
A80: 53 | B80: ТЕР13-03-004-26 | C80: Окраска металлических огрунтованных поверхностей стен эмалью КОЭФ. К ПОЗИЦИИ: за 2 раза ПЗ=2 (ОЗП=2; ЭМ=2 к расх.; ЗПМ=2; МАТ=2 к расх.; ТЗ=2; ТЗМ=2) | D80: 100 м2 | E80: 0.42 | F80: 1261.82 | G80: 97.9 | H80: 13.36 | I80: 0.32 | J80: 530 | K80: 41 | L80: 6 | N80: 7.66 | O80: 3.22 | P80: 0.02 | Q80: 0.01
A81: Проемы
A82: 54 | B82: ФЕР09-04-012-01 | C82: Установка металлических дверных блоков в готовые проемы КОЭФ. К ПОЗИЦИИ: Приведение расценок ФЕР к территориальному уровню (Письмо УРЦЦС Ц-297 от 12.04.2011) ОЗП=1,41; ЭМ=1,242; ЗПМ=1,41; МАТ=1,052 | D82: 1 м2 проема | E82: 6.925 | F82: 84.31 | G82: 33.57 | H82: 23.68 | J82: 584 | K82: 232 | L82: 164 | N82: 2.4 | O82: 16.62
A83: 55 | B83: Цена поставщика | C83: Дверь стальная, утепленная минватой (Цена: 15000руб:1,18:4,42х1,02) | D83: компл | E83: 3 | F83: 2933.51 | J83: 8801
A84: 56 | B84: ТСЦ-301-1171 | C84: Двери стальные для вентиляционных камер утепленные размером 1250х500 мм | D84: шт. | E84: 1 | F84: 1157.86 | J84: 1158
A85: 57 | B85: ТЕР10-01-039-01 | C85: Установка блоков в наружных и внутренних дверных проемах в каменных стенах, площадь проема до 3 м2 | D85: 100 м2 | E85: 0.021 | F85: 38736.92 | G85: 1349.38 | H85: 2984.53 | I85: 206.57 | J85: 813 | K85: 28 | L85: 63 | M85: 4 | N85: 104.28 | O85: 2.19 | P85: 11.35 | Q85: 0.24
A86: 58 | B86: ТСЦ-101-0887 | C86: Скобяные изделия для блоков входных однопольных | D86: компл. | E86: 1 | F86: 168.76 | J86: 169
A87: Раздел 3. Кровля
A88: 59 | B88: ТЕР06-01-041-03 | C88: Устройство перекрытий безбалочных толщиной более 200 мм на высоте от опорной площади до 6 м | D88: 100 м3 | E88: 0.28 | F88: 31769.15 | G88: 8257.35 | H88: 6287.6 | I88: 446.07 | J88: 8895 | K88: 2312 | L88: 1761 | M88: 125 | N88: 678.5 | O88: 189.98 | P88: 24.55 | Q88: 6.87
A89: 60 | B89: ТСЦ-401-0069 | C89: Бетон тяжелый, крупность заполнителя 20 мм, класс В25 (М350) | D89: м3 | E89: 28.42 | F89: 660.86 | J89: 18782
A90: 61 | B90: ТСЦ-204-0007 | C90: Горячекатаная арматурная сталь гладкая класса А-I, диаметром 20-22 мм | D90: т | E90: 0.04 | F90: 4104.27 | J90: 164
A91: 62 | B91: ТСЦ-204-0825 | C91: Каркасы металлические | D91: т | E91: 1.34 | F91: 7470.18 | J91: 10010
A92: 63 | B92: ТСЦ-204-0049 | C92: Надбавки к ценам заготовок за сборку и сварку каркасов и сеток пространственных, диаметром 12 мм | D92: т | E92: 1.34 | F92: 3168.3 | J92: 4246
A93: 64 | B93: ТЕР09-03-002-12 | C93: Монтаж балок, ригелей перекрытия, покрытия при высоте здания до 25 м | D93: 1 т | E93: 0.952 | F93: 1348.89 | G93: 262.44 | H93: 933.9 | I93: 51.76 | J93: 1284 | K93: 250 | L93: 889 | M93: 49 | N93: 18.25 | O93: 17.37 | P93: 2.57 | Q93: 2.45
A94: 65 | B94: ТСЦ-101-3687 | C94: Швеллеры № 14 сталь марки Ст3пс | D94: т | E94: 0.952 | F94: 5520 | J94: 5255
A95: 66 | B95: ТЕР13-03-002-04 | C95: Огрунтовка металлических поверхностей за один раз грунтовкой ГФ-021 | D95: 100 м2 | E95: 0.4 | F95: 417.46 | G95: 79.65 | H95: 10.15 | I95: 0.16 | J95: 167 | K95: 32 | L95: 4 | N95: 5.31 | O95: 2.12 | P95: 0.01
A96: 67 | B96: ТЕР13-03-004-23 | C96: Окраска металлических огрунтованных поверхностей краской БТ-177 КОЭФ. К ПОЗИЦИИ: окраска за 2 раза ПЗ=2 (ОЗП=2; ЭМ=2 к расх.; ЗПМ=2; МАТ=2 к расх.; ТЗ=2; ТЗМ=2) | D96: 100 м2 | E96: 0.4 | F96: 777.58 | G96: 73.62 | H96: 26.6 | I96: 0.32 | J96: 311 | K96: 29 | L96: 11 | N96: 5.76 | O96: 2.3 | P96: 0.02 | Q96: 0.01
A97: 68 | B97: ТЕР12-01-015-03 | C97: Устройство пароизоляции прокладочной в один слой | D97: 100 м2 | E97: 0.7 | F97: 331.52 | G97: 96.59 | H97: 52.86 | I97: 2.37 | J97: 232 | K97: 68 | L97: 37 | M97: 2 | N97: 7.84 | O97: 5.49 | P97: 0.13 | Q97: 0.09
A98: 69 | B98: ТСЦ-101-3359 | C98: Унифлэкс ХКП для нижних слоев | D98: м2 | E98: 77 | F98: 31.16 | J98: 2399
A99: 70 | B99: ТЕР26-01-039-01 | C99: Изоляция покрытий и перекрытий минераловатными плитами ЕВРО-Руф | D99: 1 м3 | E99: 7 | F99: 209.4 | G99: 138.49 | H99: 70.91 | J99: 1466 | K99: 970 | L99: 496 | N99: 10.58 | O99: 74.06
A100: 71 | B100: Цена поставщика | C100: Плиты минераловатные ЕВРО-Руф (Цена: 7055,56руб:1,18:4,42х1,02) | D100: м3 | E100: 7.14 | F100: 1379.83 | J100: 9852
A101: 72 | B101: ТЕР12-01-017-05 | C101: Устройство выравнивающих стяжек сборных из плоских асбестоцементных листов | D101: 100 м2 | E101: 0.7 | F101: 5496.68 | G101: 311.2 | H101: 49.21 | I101: 3.96 | J101: 3848 | K101: 218 | L101: 34 | M101: 3 | N101: 24.64 | O101: 17.25 | P101: 0.24 | Q101: 0.17
A102: 73 | B102: ТЕР12-01-007-10 | C102: Комплекс работ по наплавляемым рулонным материалам в два слоя | D102: 100 м2 кровли | E102: 0.7 | F102: 5160.67 | G102: 949.43 | H102: 324.67 | I102: 20.38 | J102: 3612 | K102: 665 | L102: 227 | M102: 14 | N102: 74.29 | O102: 52 | P102: 1.12 | Q102: 0.78
A103: 74 | B103: ТСЦ-101-3359 | C103: Унифлэкс ХКП для нижних слоев | D103: м2 | E103: 114.8 | F103: 31.16 | J103: 3577
A104: 75 | B104: ТСЦ-101-3359 | C104: Унифлэкс ХКП для верхних слоев | D104: м2 | E104: 79.8 | F104: 31.16 | J104: 2487
...

Sheet 24603
A1: СОГЛАСОВАНО: | E1: ФГУП "Комбинат "Электрохимприбор" | M1: УТВЕРЖДАЮ:
G2: (наименование стройки) | M2: Зам. генерального директора
M3: Е.В.Гордеев
A4: _________________ | M4: _________________
A5: " _____ " ________________ 2013 г. | M5: "______ " __________2013 г.
G6: ЛОКАЛЬНЫЙ СМЕТНЫЙ РАСЧЕТ № 24603-П13
G7: (локальная смета)
C9: на | D9: Строительство здания 637 подготовки зарядов пл. 6.
D10: Раздел: Электроснабжение. Электрооборудование.
G11: (наименование работ и затрат, наименование объекта)
D13: Основание: проект № 24400-12-ЭМ | N13: Справочно, в тыс.руб. :
D14: Сметная стоимость _______________________________________________________________________________________________ | J14: ___________________________55,680 | L14: тыс. руб. | N14: ВСЕГО: | P14: =P15+P16 -> 302.23486
D15: монтажных работ _______________________________________________________________________________________________ | J15: _______________________________________________________________________________________________50,318 | L15: тыс. руб. | N15: с К=5,56 | P15: =50.318*5.56 -> 279.76808
D16: оборудования _______________________________________________________________________________________________ | J16: _______________________________________________________________________________________________5,362 | L16: тыс. руб. | N16: с К=4,19 | P16: =5.362*4.19 -> 22.46678
D17: Средства на оплату труда _______________________________________________________________________________________________ | J17: ___________________________4,956 | L17: тыс. руб. | N17: с К=5,56 | P17: =4.956*5.56 -> 27.55536
D18: Сметная трудоемкость _______________________________________________________________________________________________ | J18: _______________________________________________________________________________________________280,23 | L18: чел.час
D19: Материалы ______________________________________ | K19: =K153/1000 -> 30.67 | L19: тыс.руб. | N19: с К=5,56 | P19: =K19*5.56 -> 170.5252
D20: Составлен(а) в базовых ценах 2001г. в редакции 2009г.
A22: № пп | B22: Обоснова-ние | C22: Наименование | D22: Ед. изм. | E22: Кол. | F22: Стоимость единицы, руб. | J22: Общая стоимость, руб. | O22: Т/з осн. раб.на ед. | P22: Т/з осн. раб. Всего | Q22: Общая масса обору-дования, т
F23: Всего | G23: В том числе | J23: Обору-дование | K23: Всего | L23: В том числе
G24: Осн.З/п | H24: Эк.Маш | I24: З/пМех | L24: Осн.З/п | M24: Эк.Маш | N24: З/пМех
A25: 1 | B25: 2 | C25: 3 | D25: 4 | E25: 5 | F25: 6 | G25: 7 | H25: 8 | I25: 9 | J25: 10 | K25: 11 | L25: 12 | M25: 13 | N25: 14 | O25: 15 | P25: 16 | Q25: 17
A26: Раздел 1. Монтажные работы
A27: 1 | B27: ТЕРм08-03-599-10 | C27: Щитки осветительные, устанавливаемые на стене распорными дюбелями, масса щитка до 15 кг | D27: 1 шт. | E27: 1 | F27: 128.26 | G27: 58.25 | H27: 7.85 | I27: 0.36 | K27: 128 | L27: 58 | M27: 8 | O27: 4.17 | P27: 4.17
A28: 3 | B28: ТЕРм08-03-599-10 | C28: Щитки осветительные, устанавливаемые на стене распорными дюбелями, масса щитка до 15 кг | D28: 1 шт. | E28: 1 | F28: 128.26 | G28: 58.25 | H28: 7.85 | I28: 0.36 | K28: 128 | L28: 58 | M28: 8 | O28: 4.17 | P28: 4.17
A29: Щит ЩС в комплекте:
A30: 4 | B30: Цена поставщика | C30: Бокс ЩРН-24модуля навесной пластик IP54 ИЭК MKP11-N-24-54-Z MKM11-N-24-54-Z (Ц:1709,46руб:1,18:4,42) | D30: шт. | E30: 1 | F30: 327.76 | K30: 328
A31: 5 | B31: Цена поставщика | C31: Авт. выкл. ВА47-29 3Р 40А 4,5кА х-ка В ИЭК MVA20-3-040-B (Ц:178,85руб:1,18:4,42) | D31: шт. | E31: 1 | F31: 34.29 | K31: 34
A32: 6 | B32: Цена поставщика | C32: Авт. выкл. ВА47-29 3Р 32А 4,5кА х-ка В ИЭК MVA20-3-032-B (Ц:178,85руб:1,18:4,42) | D32: шт. | E32: 1 | F32: 34.29 | K32: 34
A33: 7 | B33: Цена поставщика | C33: Авт. выкл. ВА47-29 3Р 16А 4,5кА х-ка В ИЭК MVA20-3-016-B (Ц:173,05руб:1,18:4,42) | D33: шт. | E33: 4 | F33: 33.18 | K33: 133
A34: 8 | B34: Цена поставщика | C34: Авт. выкл. ВА47-29 1Р 16А 4,5кА х-ка В ИЭК MVA20-1-016-B (Ц:54,78руб:1,18:4,42) | D34: шт. | E34: 6 | F34: 10.5 | K34: 63
A35: 9 | B35: ТЕРм08-03-573-05 | C35: Шкаф (пульт) управления навесной, высота, ширина и глубина до 900х600х500 мм РУСМ 5113-1774Б | D35: 1 шт. | E35: 2 | F35: 126.83 | G35: 33.11 | H35: 89.04 | I35: 6.72 | K35: 254 | L35: 66 | M35: 178 | N35: 13 | O35: 2.37 | P35: 4.74
A36: 10 | B36: ТСЦ-503-0522 прим. | C36: Устройство комплектное низковольтное управления и распределения электроэнергии РУСМ 5113-1774Б | D36: шт. | E36: 2 | J36: 2110 | K36: 2110
A37: 11 | B37: Цена поставщика | C37: Винтовой зажим с предохранителем, со световой индикацией SFR/PT (Ц:150руб:1,18:4,42) | D37: шт. | E37: 1 | F37: 28.76 | K37: 29
A38: 12 | B38: ТЕРм11-01-001-01 | C38: Монтаж: рейка в шкафу | D38: 1 шт. | E38: 1 | F38: 34.2 | G38: 6.41 | H38: 7.18 | I38: 0.81 | K38: 34 | L38: 6 | M38: 7 | N38: 1 | O38: 0.52 | P38: 0.52
A39: 13 | B39: Цена поставщика | C39: Рейка типа PR/З (Ц:250руб:1,18:4,42) | D39: шт. | E39: 1 | F39: 47.93 | K39: 48
A40: 14 | B40: ТЕРм08-03-573-04 | C40: Шкаф (пульт) управления навесной, высота, ширина и глубина до 600х600х350 мм ШВ 1 | D40: 1 шт. | E40: 1 | F40: 99.26 | G40: 33.11 | H40: 62.05 | I40: 4.71 | K40: 99 | L40: 33 | M40: 62 | N40: 5 | O40: 2.37 | P40: 2.37
A41: Шкаф вентиляции ШВ 1 в комплекте:
A42: 15 | B42: Цена поставщика | C42: Корпус металлический ЩМП-1-0 74 У2 IP54 YKM40-01-54 (Ц:2789,51руб:1,18:4,42) | D42: шт. | E42: 1 | F42: 534.84 | K42: 535
A43: 16 | B43: Цена поставщика | C43: Реле контроля трехфазного напряжения ЕЛ-12М-15 (Ц:992руб:1,18:4,42) | D43: шт. | E43: 2 | F43: 190.2 | K43: 380
A44: 17 | B44: Цена поставщика | C44: Реле промежуточное РПУ-2М211 (Ц:913,28руб:1,18:4,42) | D44: шт. | E44: 3
A45: 18 | B45: ТЕРм10-01-039-06 | C45: Монтаж: реле с подготовкой места установки | D45: 1 шт. | E45: 5 | F45: 24.5 | G45: 24.02 | K45: 123 | L45: 120 | O45: 2 | P45: 10
A46: 19 | B46: Цена поставщика | C46: Винтовой зажим с предохранителем, со световой индикацией SFR/PT (Ц:150руб:1,18:4,42) | D46: шт. | E46: 2 | F46: 28.76 | K46: 58
A47: 20 | B47: Цена поставщика | C47: Рейка типа PR/З (Ц:250руб:1,18:4,42) | D47: шт. | E47: 1 | F47: 47.93 | K47: 48
A48: 21 | B48: ТЕРм11-01-001-01 прим. | C48: Монтаж: рейка в шкафу | D48: 1 шт. | E48: 1 | F48: 34.2 | G48: 6.41 | H48: 7.18 | I48: 0.81 | K48: 34 | L48: 6 | M48: 7 | N48: 1 | O48: 0.52 | P48: 0.52
A49: 22 | B49: Цена поставщика | C49: Блок зажимов БЗН24-4П25-В/В-10 (Ц:177,44руб:1,18:4,42) | D49: шт. | E49: 1 | F49: 34.02 | K49: 34
A50: 23 | B50: Цена поставщика | C50: Блок зажимов БЗН24-4П25-В/В-16 (Ц:250руб:1,18:4,42) | D50: шт. | E50: 2 | F50: 47.93 | K50: 96
A51: 24 | B51: ТЕРм11-01-001-01 прим. | C51: Монтаж: блок зажимов | D51: 1 шт. | E51: 3 | F51: 34.2 | G51: 6.41 | H51: 7.18 | I51: 0.81 | K51: 103 | L51: 19 | M51: 22 | N51: 2 | O51: 0.52 | P51: 1.56
A52: 25 | B52: ТСЦ-502-0578 | C52: Провода монтажные с волокнистой или пленочной и поливинилхлоридной изоляцией марки МГШВЭ экранированные с двумя жилами из медной луженной проволоки сечением 0,50 мм | D52: 1000 м | E52: 0.03 | F52: 1853.8 | K52: 56
A53: 26 | B53: ТЕРм11-06-002-02 | C53: Электрические проводки в щитах и пультах малогабаритных | D53: 100 м | E53: 0.3 | F53: 207.18 | G53: 193.69 | K53: 62 | L53: 58 | O53: 12.4 | P53: 3.72
A54: 27 | B54: ТЕРм08-03-573-04 | C54: Шкаф (пульт) управления навесной, высота, ширина и глубина до 600х600х350 мм ШВ 2 | D54: 1 шт. | E54: 1 | F54: 99.26 | G54: 33.11 | H54: 62.05 | I54: 4.71 | K54: 99 | L54: 33 | M54: 62 | N54: 5 | O54: 2.37 | P54: 2.37
A55: Шкаф вентиляции ШВ 2 в комплекте:
A56: 28 | B56: Цена поставщика | C56: Корпус металлический ЩМП-1-0 74 У2 IP54 YKM40-01-54 (Ц:2789,51руб:1,18:4,42) | D56: шт. | E56: 1 | F56: 534.84 | K56: 535
A57: 29 | B57: Цена поставщика | C57: Реле контроля трехфазного напряжения ЕЛ-12М-15 (Ц:992руб:1,18:4,42) | D57: шт. | E57: 2 | F57: 190.2 | K57: 380
A58: 30 | B58: ТЕРм10-01-039-06 | C58: Монтаж: реле с подготовкой места установки | D58: 1 шт. | E58: 2 | F58: 24.5 | G58: 24.02 | K58: 49 | L58: 48 | O58: 2 | P58: 4
A59: 31 | B59: Цена поставщика | C59: Винтовой зажим с предохранителем, со световой индикацией SFR/PT (Ц:150руб:1,18:4,42) | D59: шт. | E59: 2 | F59: 28.76 | K59: 58
A60: 32 | B60: Цена поставщика | C60: Рейка типа PR/З (Ц:250руб:1,18:4,42) | D60: шт. | E60: 1 | F60: 47.93 | K60: 48
A61: 33 | B61: ТЕРм11-01-001-01 прим. | C61: Монтаж: рейка в шкафу | D61: 1 шт. | E61: 1 | F61: 34.2 | G61: 6.41 | H61: 7.18 | I61: 0.81 | K61: 34 | L61: 6 | M61: 7 | N61: 1 | O61: 0.52 | P61: 0.52
A62: 34 | B62: Цена поставщика | C62: Блок зажимов БЗН24-4П25-В/В-10 (Ц:177,44руб:1,18:4,42) | D62: шт. | E62: 1 | F62: 34.02 | K62: 34
A63: 35 | B63: ТЕРм11-01-001-01 прим. | C63: Монтаж: блок зажимов | D63: 1 шт. | E63: 1 | F63: 34.2 | G63: 6.41 | H63: 7.18 | I63: 0.81 | K63: 34 | L63: 6 | M63: 7 | N63: 1 | O63: 0.52 | P63: 0.52
A64: 36 | B64: ТСЦ-502-0578 | C64: Провода монтажные с волокнистой или пленочной и поливинилхлоридной изоляцией марки МГШВЭ экранированные с двумя жилами из медной луженной проволоки сечением 0,50 мм | D64: 1000 м | E64: 0.02 | F64: 1853.8 | K64: 37
A65: 37 | B65: ТЕРм11-06-002-02 | C65: Электрические проводки в щитах и пультах малогабаритных | D65: 100 м | E65: 0.2 | F65: 207.18 | G65: 193.69 | K65: 41 | L65: 39 | O65: 12.4 | P65: 2.48
A66: 38 | B66: Цена поставщика | C66: Пост управления ПКУ15-21.131-54 У2 (Ц:550руб:1,18:4,42) | D66: шт. | E66: 1 | F66: 105.45 | K66: 105
A67: 39 | B67: Цена поставщика | C67: Пост управления ПКУ15-21.341-54 У2 (Ц:1150руб:1,18:4,42) | D67: шт. | E67: 1 | F67: 220.49 | K67: 220
A68: 40 | B68: ТЕРм08-03-532-04 | C68: Пост управления кнопочный общего назначения, устанавливаемый на конструкции на стене или колонне, количество элементов поста до 3 | D68: 1 шт. | E68: 2 | F68: 122.2 | G68: 24.12 | H68: 1.28 | K68: 244 | L68: 48 | M68: 3 | O68: 1.8 | P68: 3.6
A69: 41 | B69: ТЕРм08-03-573-04 | C69: Шкаф (пульт) управления навесной, высота, ширина и глубина до 600х600х350 мм БУ-П1 | D69: 1 шт. | E69: 1 | F69: 99.26 | G69: 33.11 | H69: 62.05 | I69: 4.71 | K69: 99 | L69: 33 | M69: 62 | N69: 5 | O69: 2.37 | P69: 2.37
A70: Блок управления БУ-П1 в комплекте:
A71: 42 | B71: Цена поставщика | C71: КМПн 5/16 - ИЭК IP 55 корпус пластиковый навесной для 5 модульных автомат. выкл. MKP75-N-16-55(Ц:5180,56руб:1,18:4,42) | D71: шт. | E71: 1 | F71: 993.28 | K71: 993
A72: 43 | B72: Цена поставщика | C72: Блок управления огнезадерживающим клапаном БУОК СВТ 667.11-222 (Ц:3150руб:1,18:4,42) | D72: шт. | E72: 1 | F72: 603.96 | K72: 604
A73: 45 | B73: Цена поставщика | C73: Пост управления ПКУ15-21.111-54 У2 (Ц:340руб:1,18:4,42) | D73: шт. | E73: 1 | F73: 65.19 | K73: 65
A74: 46 | B74: ТЕРм08-03-532-04 | C74: Пост управления кнопочный общего назначения, устанавливаемый на конструкции на стене или колонне, количество элементов поста до 3 | D74: 1 шт. | E74: 1 | F74: 122.2 | G74: 24.12 | H74: 1.28 | K74: 122 | L74: 24 | M74: 1 | O74: 1.8 | P74: 1.8
A75: 47 | B75: Цена поставщика | C75: Светильник ARCTIC SMC/SAN 236 60123630 (Ц:1634.67руб:1,18:4,42) | D75: шт. | E75: 9 | F75: 313.42 | K75: 2821
A76: 48 | B76: Цена поставщика | C76: Светильник ARCTIC SMC/SAN 218 60121830 (Ц:1930,48руб:1,18:4,42) | D76: шт. | E76: 2 | F76: 370.14 | K76: 740
A77: 49 | B77: ТЕРм08-03-594-02 | C77: Светильник отдельно устанавливаемый на штырях с количеством ламп в светильнике 2 | D77: 100 шт. | E77: 0.11 | F77: 6855.13 | G77: 1620.52 | H77: 2228.22 | I77: 710.91 | K77: 754 | L77: 178 | M77: 245 | N77: 78 | O77: 116 | P77: 12.76
A78: 50 | B78: П/л поз. 42 | C78: Светильник NBT 11 F115 3201151500 (Ц:1871руб:1,18:4,42) | D78: шт. | E78: 3 | F78: 358.73 | K78: 1076
A79: 51 | B79: ТЕРм08-03-594-01 | C79: Светильник отдельно устанавливаемый на штырях с количеством ламп в светильнике 1 | D79: 100 шт. | E79: 0.03 | F79: 5754.44 | G79: 1229.36 | H79: 1526.51 | I79: 520.21 | K79: 173 | L79: 37 | M79: 46 | N79: 16 | O79: 88 | P79: 2.64
A80: 52 | B80: ТСЦ-509-0696 | C80: Лампы люминесцентные ртутные | D80: 10 шт. | E80: 2.2 | F80: 113.9 | K80: 251
A81: 53 | B81: Цена поставщика | C81: Лампа компактная люминесцентная 15 Вт, _x000D_ Master PL 15W Philips (Ц:361руб:1,18:4,42) | D81: шт. | E81: 3 | F81: 69.22 | K81: 208
A82: 54 | B82: цена поставщика | C82: ВС20-1-0-ФСр Выключатель одноклавишный для открытой установки IP54 EVS10-K03-10-54-DC серии "ФОРС" (Ц:79,17руб:1,18:4,42) | D82: шт. | E82: 6 | F82: 15.18 | K82: 91
A83: 55 | B83: ТЕРм08-03-591-01 | C83: Выключатель одноклавишный неутопленного типа при открытой проводке | D83: 100 шт. | E83: 0.06 | F83: 758.17 | G83: 551.82 | H83: 27.07 | I83: 0.55 | K83: 45 | L83: 33 | M83: 2 | O83: 39.5 | P83: 2.37
A84: 56 | B84: Цена поставщика | C84: ВС20-2-0-ФСр Выключатель двухклавишный для открытой установки IP54 EVS20-K03-10-54-DC серии "ФОРС" (Ц:96,43руб:1,18:4,42) | D84: шт. | E84: 1 | F84: 18.49 | K84: 18
A85: 57 | B85: ТЕРм08-03-591-04 | C85: Выключатель двухклавишный неутопленного типа при открытой проводке | D85: 100 шт. | E85: 0.01 | F85: 801.67 | G85: 613.28 | H85: 29.99 | I85: 0.73 | K85: 8 | L85: 6 | O85: 43.9 | P85: 0.44
A86: 58 | B86: Цена поставщика | C86: РСб20-3-ФСр Розетка одноместная с з/к для открытой установки IP54 ERS12-K03-16-54-DC "Форс" (Ц:81,90руб:1,18:4,42х1,02) | D86: шт. | E86: 1 | F86: 15.7 | K86: 16
A87: 59 | B87: ТЕРм08-03-591-08 | C87: Розетка штепсельная неутопленного типа при открытой проводке | D87: 100 шт. | E87: 0.01 | F87: 813.8 | G87: 603.5 | H87: 29.99 | I87: 0.73 | K87: 8 | L87: 6 | O87: 43.2 | P87: 0.43
A88: 60 | B88: Цена поставщика | C88: Источник постоянного тока Б5-71/1М (Ц:15000руб:1,18:4,19) | D88: шт. | E88: 1 | J88: 3034 | K88: 3034
A89: 61 | B89: ТЕРм10-08-003-03 | C89: Монтаж: источник постоянного тока | D89: 1 шт. | E89: 1 | F89: 59.97 | G89: 51.77 | H89: 0.37 | K89: 60 | L89: 52 | O89: 3.6 | P89: 3.6
A90: 62 | B90: Цена поставщика | C90: Заглушка конечная взрывозащищенная МС-2 (Ц:250руб:1,18:4,42х1,02) | D90: шт. | E90: 1 | F90: 47.93 | K90: 48
A91: 63 | B91: Цена поставщика | C91: Коробка распределительная DKC 150х110x70 IP55 54000 (Ц:151руб:1,18:4,42) | D91: шт | E91: 1 | F91: 28.95 | K91: 29
A92: 64 | B92: ТЕРм08-03-545-01 | C92: Коробка (ящик) с зажимами для кабелей и проводов сечением до 6 мм2, устанавливаемая на конструкции на стене или колонне, количество зажимов до 10 | D92: 1 шт. | E92: 1 | F92: 160.78 | G92: 43.86 | H92: 2.36 | K92: 161 | L92: 44 | M92: 2 | O92: 3.31 | P92: 3.31
A93: 65 | B93: Цена поставщика | C93: Клеммная колодка 43412NY DKC (Цена:47,65руб :1,18:4,42) | D93: шт | E93: 3 | F93: 9.14 | K93: 27
A94: 66 | B94: ТЕРм10-04-030-04 | C94: Дополнительная установка на пультах и панелях колодки клеммной на 20 клемм | D94: 1 шт. | E94: 3 | F94: 27.06 | G94: 11.51 | K94: 81 | L94: 35 | O94: 1 | P94: 3
A95: 67 | B95: Цена поставщика | C95: Коробка распределительная DKC с кабельными вводами 100х100х50 IP55 53800 (Ц:68руб:1,18:4,42) | D95: шт | E95: 7 | F95: 13.04 | K95: 91
A96: 68 | B96: ТЕРм08-03-545-01 | C96: Коробка (ящик) с зажимами для кабелей и проводов сечением до 6 мм2, устанавливаемая на конструкции на стене или колонне, количество зажимов до 10 | D96: 1 шт. | E96: 7 | F96: 160.78 | G96: 43.86 | H96: 2.36 | K96: 1125 | L96: 307 | M96: 17 | O96: 3.31 | P96: 23.17
A97: 69 | B97: Цена поставщика | C97: Клеммная колодка 43412NY DKC (Цена:47,65руб :1,18:4,42) | D97: шт | E97: 7 | F97: 9.14 | K97: 64
A98: 70 | B98: ТЕРм10-04-030-04 | C98: Дополнительная установка на пультах и панелях колодки клеммной на 20 клемм | D98: 1 шт. | E98: 7 | F98: 27.06 | G98: 11.51 | K98: 189 | L98: 81 | O98: 1 | P98: 7
A99: 71 | B99: ТСЦ-501-8213 | C99: Кабель силовой с медными жилами с поливинилхлоридной изоляцией в поливинилхлоридной оболочке без защитного покрова ВВГ, напряжением 0,66 Кв, число жил 5 и сечением 10 мм2 | D99: 1000 м | E99: 0.01 | F99: 53662.99 | K99: 537
A100: 72 | B100: ТСЦ-501-8211 | C100: Кабель силовой с медными жилами с поливинилхлоридной изоляцией в поливинилхлоридной оболочке без защитного покрова ВВГ, напряжением 0,66 Кв, число жил 5 и сечением 4,0 мм2 | D100: 1000 м | E100: 0.025 | F100: 25925 | K100: 648
A101: 73 | B101: ТСЦ-501-8210 | C101: Кабель силовой с медными жилами с поливинилхлоридной изоляцией в поливинилхлоридной оболочке без защитного покрова ВВГ, напряжением 0,66 Кв, число жил 5 и сечением 2,5 мм2 | D101: 1000 м | E101: 0.02 | F101: 16109 | K101: 322
A102: 74 | B102: ТСЦ-501-8209 | C102: Кабель силовой с медными жилами с поливинилхлоридной изоляцией в поливинилхлоридной оболочке без защитного покрова ВВГ, напряжением 0,66 Кв, число жил 5 и сечением 1,5 мм2 | D102: 1000 м | E102: 0.015 | F102: 12513.99 | K102: 188
A103: 75 | B103: ТСЦ-501-8191 | C103: Кабель силовой с медными жилами с поливинилхлоридной изоляцией в поливинилхлоридной оболочке без защитного покрова ВВГ, напряжением 0,66 Кв, число жил 3 и сечением 2,5 мм2 | D103: 1000 м | E103: 0.07 | F103: 10382 | K103: 727
...

Sheet 24632
A1: СОГЛАСОВАНО: | E1: ФГУП "Комбинат "Электрохимприбор" | M1: УТВЕРЖДАЮ:
G2: (наименование стройки) | M2: Зам. генерального директора
M3: Е.В.Гордеев
A4: _________________ | M4: _________________
A5: " _____ " ________________ 2013 г. | M5: "______ " __________2013 г.
G6: ЛОКАЛЬНЫЙ СМЕТНЫЙ РАСЧЕТ № 24632-П13
G7: (локальная смета)
C9: на | D9: Строительство здания 637 подготовки зарядов пл. 6.
D10: Раздел: автоматическая установка пожарной сигнализации и СОУЭ.
G11: (наименование работ и затрат, наименование объекта)
D13: Основание: проект №24411-12-ПС | N13: Справочно, в тыс.руб. :
D14: Сметная стоимость _______________________________________________________________________________________________ | J14: ___________________________26,463 | L14: тыс. руб. | N14: ВСЕГО: | P14: =P15+P16+P17 -> 147.45975
D15: монтажных работ _______________________________________________________________________________________________ | J15: _______________________________________________________________________________________________17,343 | L15: тыс. руб. | N15: с К=5,56 | P15: =17.343*5.56 -> 96.42708
D16: прочих (ПНР "в холостую") _______________________________________________________________________________________________ | J16: _______________________________________________________________________________________________2,499 | L16: тыс. руб. | N16: с К=9,32 | P16: =2.499*9.32 -> 23.29068
D17: оборудования _______________________________________________________________________________________________ | J17: _______________________________________________________________________________________________6,621 | L17: тыс. руб. | N17: с К=4,19 | P17: =4.19*6.621 -> 27.74199
D18: Средства на оплату труда _______________________________________________________________________________________________ | J18: ___________________________3,425 | L18: тыс. руб. | N18: с К=5,56 | P18: =5.56*3.425 -> 19.043
D19: Сметная трудоемкость _______________________________________________________________________________________________ | J19: _______________________________________________________________________________________________209,51 | L19: чел.час
D20: Материалы ______________________________________ | K20: =K101/1000 -> 11.447 | L20: тыс.руб. | N20: с К=5,56 | P20: =K20*5.56 -> 63.64532
D21: Составлен(а) в базовых ценах 2001г. в редакции 2009г.
A23: № пп | B23: Обоснова-ние | C23: Наименование | D23: Ед. изм. | E23: Кол. | F23: Стоимость единицы, руб. | J23: Общая стоимость, руб. | O23: Т/з осн. раб.на ед. | P23: Т/з осн. раб. Всего | Q23: Общая масса обору-дования, т
F24: Всего | G24: В том числе | J24: Обору-дование | K24: Всего | L24: В том числе
G25: Осн.З/п | H25: Эк.Маш | I25: З/пМех | L25: Осн.З/п | M25: Эк.Маш | N25: З/пМех
A26: 1 | B26: 2 | C26: 3 | D26: 4 | E26: 5 | F26: 6 | G26: 7 | H26: 8 | I26: 9 | J26: 10 | K26: 11 | L26: 12 | M26: 13 | N26: 14 | O26: 15 | P26: 16 | Q26: 17
A27: Раздел 1. Объектовое оборудование (диспетчерская в зд 363)
A28: 1 | B28: Цена поставщика | C28: Пульт контроля и управления ПКУ "С2000М" (Ц:6504,30руб :1,18:4,19) | D28: шт | E28: 1 | J28: 1316 | K28: 1316
A29: 2 | B29: ТЕРм10-08-001-13 | C29: Монтаж: пульт контроля и управления ПКУ "С2000М" | D29: 1 шт. | E29: 1 | F29: 64.92 | G29: 57.52 | H29: 0.37 | K29: 65 | L29: 58 | O29: 4 | P29: 4
A30: 3 | B30: ТЕРм10-03-001-04 | C30: Монтаж: радиомодем Риф Файндер RF-801 | D30: 1 шт. | E30: 1 | F30: 34.97 | G30: 27.5 | H30: 6.92 | I30: 1.41 | K30: 35 | L30: 28 | M30: 7 | N30: 1 | O30: 2.29 | P30: 2.29
A31: 4 | B31: Цена поставщика | C31: Радиомодем Риф Файндер RF-801 (Ц:5040руб :1,18:4,04х1,02) | D31: шт | E31: 1 | F31: 1078.37 | K31: 1078
A32: 5 | B32: Цена поставщика | C32: Источник бесперебойного питания СКАТ-1200Д исп.02 (Ц:3910руб :1,18:4,19) | D32: шт | E32: 1 | J32: 791 | K32: 791
A33: 6 | B33: ТЕРм10-02-016-06 | C33: Отдельно устанавливаемый преобразователь или блок питания | D33: 1 шт. | E33: 1 | F33: 256.7 | G33: 157.76 | H33: 33.83 | I33: 6.87 | K33: 257 | L33: 158 | M33: 34 | N33: 7 | O33: 10.1 | P33: 10.1
A34: 7 | B34: Цена поставщика | C34: АКБ 12в 26,0 А/ч (Ц:2860руб:1,18: 4,42) | D34: шт | E34: 1 | F34: 548.35 | K34: 548
A35: 8 | B35: Цена поставщика | C35: Релейный модуль РМ-03 исп.12VDC (Ц:360руб :1,18:4,42) | D35: шт | E35: 1 | F35: 69.02 | K35: 69
A36: 9 | B36: ТЕРм11-03-001-01 | C36: Монтаж: релейный модуль РМ-03 | D36: 1 шт. | E36: 1 | F36: 8.41 | G36: 7.26 | K36: 8 | L36: 7 | O36: 0.52 | P36: 0.52
A37: 10 | B37: Цена поставщика | C37: Кабель антенный высокочастотный RG213U (50Ом) (Ц:205.93руб :1,18:4,42) | D37: м | E37: 102 | F37: 39.48 | K37: 4027
A38: 11 | B38: ТЕРм10-01-055-02 | C38: Прокладка кабеля, масса 1 м до 1 кг, по стене кирпичной | D38: 100 м кабеля | E38: 1 | F38: 1837.57 | G38: 474.14 | H38: 129.78 | I38: 23.9 | K38: 1838 | L38: 474 | M38: 130 | N38: 24 | O38: 37.1 | P38: 37.1
A39: 12 | B39: ТЕРм10-01-051-33 | C39: Разделка и включение кабеля или провода однопарного высокочастотного | D39: 10 концов кабеля | E39: 0.2 | F39: 70.49 | G39: 69.11 | K39: 14 | L39: 14 | O39: 5.1 | P39: 1.02
A40: 13 | B40: Цена поставщика | C40: ВЧ-кабельный разъём N-111B (Ц:100руб :1,18:4,42) | D40: шт | E40: 1 | F40: 19.17 | K40: 19
A41: 14 | B41: Цена поставщика | C41: ВЧ-кабельный разъём N-211B (Ц:122руб :1,18:4,42) | D41: шт | E41: 1 | F41: 23.39 | K41: 23
A42: 15 | B42: Цена поставщика | C42: Антенна АК-433 (Ц:1500руб :1,18:4,19) | D42: шт | E42: 1 | J42: 303 | K42: 303
A43: 16 | B43: ТЕРм10-04-088-01 | C43: Монтаж: антенна | D43: шт. | E43: 1 | F43: 213.25 | G43: 135.5 | K43: 213 | L43: 136 | O43: 10 | P43: 10
A44: 17 | B44: Цена поставщика | C44: Передатчик-коммутатор RS-202TХ8 (Ц:7890руб :1,18:4,19) | D44: шт | E44: 1 | J44: 1596 | K44: 1596
A45: 18 | B45: ТЕРм10-04-088-01 | C45: Монтаж: передатчик-коммуникатор RS-202ТХ8 | D45: 1 компл. | E45: 1 | F45: 213.25 | G45: 135.5 | K45: 213 | L45: 136 | O45: 10 | P45: 10
A46: 19 | B46: Цена поставщика | C46: Антенна АН-433 (Ц:2140руб :1,18:4,19) | D46: шт | E46: 1 | J46: 433 | K46: 433
A47: 20 | B47: ТЕРм10-04-088-01 | C47: Монтаж: антенна | D47: шт. | E47: 1 | F47: 213.25 | G47: 135.5 | K47: 213 | L47: 136 | O47: 10 | P47: 10
A48: 21 | B48: Цена поставщика | C48: Разрядник антенный Р8АХ09 (Ц:1676руб :1,18:4,19) | D48: шт | E48: 2 | J48: 678 | K48: 678
A49: 22 | B49: Цена поставщика | C49: Релейный блок С2000-СП1 (Цена:1700,60руб.:1.18:4.19) | D49: шт | E49: 2 | J49: 688 | K49: 688
A50: 23 | B50: ТЕРм10-08-001-13 | C50: Монтаж: релейный блок С2000-СП1 | D50: 1 шт. | E50: 1 | F50: 64.92 | G50: 57.52 | H50: 0.37 | K50: 65 | L50: 58 | O50: 4 | P50: 4
A51: 24 | B51: Цена поставщика | C51: Блок защиты от скачков напряжения "Альбатрос-500" (Ц:528руб:1,18:4,42) | D51: шт | E51: 1 | F51: 101.23 | K51: 101
A52: 25 | B52: ТЕРм10-08-003-03 | C52: Монтаж: блок защиты от скачков напряжения "АЛЬБАТРОС" | D52: 1 шт. | E52: 1 | F52: 59.97 | G52: 51.77 | H52: 0.37 | K52: 60 | L52: 52 | O52: 3.6 | P52: 3.6
A53: 26 | B53: ТЕРм08-03-526-01 | C53: Автомат одно-, двух-, трехполюсный, устанавливаемый на конструкции на стене или колонне, на ток до 25 А | D53: 1 шт. | E53: 1 | F53: 174.77 | G53: 20.9 | H53: 1.28 | K53: 175 | L53: 21 | M53: 1 | O53: 1.56 | P53: 1.56
A54: 27 | B54: ТСЦ-509-0324 прим. | C54: Выключатели автоматические ВА47-29М | D54: шт. | E54: 1 | F54: 27.74 | K54: 28
A55: 28 | B55: Цена поставщика | C55: Зажим пружинный на ДИН-рейку ZHM420GR DKC (Ц:33.31руб :1,18:4,04) | D55: шт | E55: 5 | F55: 6.39 | K55: 32
A56: 29 | B56: Цена поставщика | C56: Торцевой фиксатор ZBT005 DKC (Ц:23.35руб :1,18:4,04) | D56: шт | E56: 2 | F56: 4.48 | K56: 9
A57: 30 | B57: Цена поставщика | C57: Торцевой изолятор НМТ.1/2+2/РТ/GR DKC (Ц:15,09руб :1,18:4,04) | D57: шт | E57: 1 | F57: 2.89 | K57: 3
A58: 31 | B58: Цена поставщика | C58: DIN-рейка 35х7,5мм L=100мм (Ц:294,49руб.:1,18:4,42) | D58: шт | E58: 1 | F58: 56.46 | K58: 56
A59: 32 | B59: ТЕРм10-01-039-02 | C59: Монтаж: дин-рейка | D59: 1 м | E59: 0.1 | F59: 19.2 | G59: 13.09 | H59: 3.08 | I59: 0.62 | K59: 2 | L59: 1 | O59: 1.09 | P59: 0.11
A60: 33 | B60: Цена поставщика | C60: Шина "N"нулевая 6х9мм 14/2 (14групп/крепеж по краям) ИЭК YNN11-14-100 (Ц:64,96руб.:1,18:4,42) | D60: шт | E60: 1 | F60: 12.45 | K60: 12
A61: 34 | B61: ТЕРм10-06-037-05 | C61: Шкаф настенный для приборов, размер до 640х840 мм | D61: 1 шт. | E61: 1 | F61: 121.87 | G61: 26.33 | H61: 2.39 | K61: 122 | L61: 26 | M61: 2 | O61: 2.06 | P61: 2.06
A62: 35 | B62: Цена поставщика | C62: Шкаф автоматики со стеклянной дверцей 800х600х250 SR 8625V (Ц:9262,94руб :1,18:4,42) | D62: шт | E62: 1 | F62: 1776 | K62: 1776
A63: 36 | B63: Цена поставщика | C63: Панель модульная PF 8060 (Ц:2817,94руб :1,18:4,42) | D63: шт | E63: 1 | F63: 540.29 | K63: 540
A64: 37 | B64: Цена поставщика | C64: Петли для крепления шкафа АА 1206 (Ц:351,13руб :1,18:4,42) | D64: копл-кт | E64: 1 | F64: 68.67 | K64: 69
A65: 38 | B65: Цена поставщика | C65: Мачта антенная телескопическая МТ-6 (Ц:2700руб :1,18:4,19) | D65: шт | E65: 1 | J65: 546 | K65: 546
A66: 39 | B66: ТЕРм10-04-077-01 | C66: Монтаж: мачта антенная | D66: 1 шт. | E66: 1 | F66: 692.06 | G66: 457.99 | H66: 129.93 | I66: 26.4 | K66: 692 | L66: 458 | M66: 130 | N66: 26 | O66: 33.8 | P66: 33.8
A67: 40 | B67: ТСЦ-501-8183 | C67: Кабель силовой с медными жилами с поливинилхлоридной изоляцией в поливинилхлоридной оболочке без защитного покрова ВВГ, напряжением 0,66 Кв, число жил 2 и сечением 1,5 мм2 | D67: 1000 м | E67: 0.003 | F67: 4439.3 | K67: 13
A68: 41 | B68: Цена поставщика | C68: Кабель ВВГнг-FRLS 3х1,5 (Ц:86061,83руб :1,18:4,42) | D68: 1000 м | E68: 0.0204 | F68: 16500.85 | K68: 337
A69: 42 | B69: ТЕРм08-02-401-01 | C69: Кабель двух-четырехжильный сечением жилы до 16 мм2 с креплением накладными скобами, полосками с установкой ответвительных коробок | D69: 100 м | E69: 0.23 | F69: 4032.86 | G69: 683.7 | H69: 957.86 | I69: 390.47 | K69: 928 | L69: 157 | M69: 220 | N69: 90 | O69: 51.6 | P69: 11.87
A70: 43 | B70: Цена поставщика | C70: Кабель КСБнг(А)-FRLS 1х2х0,64 (Ц:34506руб :1,18:4,42) | D70: 1000 м | E70: 0.004 | F70: 6615.92 | K70: 26
A71: 44 | B71: ТЕРм10-01-055-02 | C71: Прокладка кабеля, масса 1 м до 1 кг, по стене кирпичной | D71: 100 м кабеля | E71: 0.04 | F71: 1837.57 | G71: 474.14 | H71: 129.78 | I71: 23.9 | K71: 74 | L71: 19 | M71: 5 | N71: 1 | O71: 37.1 | P71: 1.48
A72: 45 | B72: ТЕРм10-01-051-32 | C72: Разделка и включение кабеля или провода однопарного | D72: 10 концов кабеля | E72: 0.4 | F72: 69.11 | G72: 67.75 | K72: 28 | L72: 27 | O72: 5 | P72: 2
A73: Раздел 2. Пусконаладочные работы (в холостую 80%)
A74: 46 | B74: ТЕРп01-04-075-01 | C74: Высокочастотный канал одного полукомплекта защиты или аппаратуры противоаварийной автоматики на линии без ответвлений | D74: 1 полукомплект | E74: 1 | F74: 1461.28 | G74: 1461.28 | K74: 1461 | L74: 1461 | O74: 80 | P74: 80
A75: Итого прямые затраты по смете в ценах 2001г. | K75: 21580 | L75: 3427 | M75: 529 | N75: 149 | P75: 225.51
A76: Итого прямые затраты по смете с учетом коэффициентов к итогам | K76: 21873 | L76: 3270 | M76: 535 | N76: 155 | P76: 209.51
A77: В том числе, справочно:
A78: Районный к-т 4,3% (Поз. 2-3, 6, 9, 11-12, 23, 25, 32, 44-45, 16, 18, 20, 39, 26, 42, 34, 46) | K78: 154 | L78: 147 | M78: 6 | N78: 6
A79: Заготовительно-складские расходы на материалы - согласно п.4.64 из МДС 81-35.2004 МАТ=1,02 (Поз. 4, 7-8, 10, 13-14, 28-30, 35-37, 41, 43, 24, 31, 33) | K79: 174
A80: Транспортные расходы на оборудование - согласно п.4.60 из МДС 81-35.2004 ПЗ=1,03 (ОЗП=1,03; ЭМ=1,03; МАТ=1,03) (Поз. 1, 15, 17, 19, 21-22, 38, 5) | K80: 191
A81: Заготовительно-складские расходы на оборудование - согласно п.4.64 из МДС 81-35.2004 ПЗ=1,012 (ОЗП=1,012; ЭМ=1,012; МАТ=1,012) (Поз. 1, 15, 17, 19, 21-22, 38, 5) | K81: 79
A82: Пусконаладочные работы (в холостую 80%) ПЗ=0,8 (ОЗП=0,8; ЭМ=0,8; ЗПМ=0,8; МАТ=0,8; ТЗ=0,8; ТЗМ=0,8) (Поз. 46) | K82: -305 | L82: -305 | P82: -16
A83: Накладные расходы | K83: 2716
A84: В том числе, справочно:
A85: 65% ФОТ (от 1219) (Поз. 46) | K85: 792
A86: 80% ФОТ (от 969) (Поз. 2-3, 6, 9, 11-12, 23, 25, 32, 44-45) | K86: 775
A87: 92% ФОТ (от 930) (Поз. 16, 18, 20, 39) | K87: 856
A88: 95% ФОТ (от 280) (Поз. 26, 42) | K88: 266
A89: 100% ФОТ (от 27) (Поз. 34) | K89: 27
A90: Сметная прибыль | K90: 1874
A91: В том числе, справочно:
A92: 40% ФОТ (от 1219) (Поз. 46) | K92: 488
A93: 60% ФОТ (от 969) (Поз. 2-3, 6, 9, 11-12, 23, 25, 32, 44-45) | K93: 581
A94: 65% ФОТ (от 1237) (Поз. 16, 18, 20, 39, 26, 42, 34) | K94: 805
A95: Итоги по смете:
A96: Итого Монтажные работы | K96: 17343 | P96: 145.51
A97: Итого Оборудование | K97: 6621
A98: Итого Прочие затраты | K98: 2499 | P98: 64
A99: Итого | K99: 26463 | P99: 209.51
A100: В том числе:
A101: Материалы | K101: 11447
A102: Машины и механизмы | K102: =535-N76 -> 380
A103: ФОТ | K103: 3425
...

Sheet 24845
A1: СОГЛАСОВАНО: | E1: ФГУП "Комбинат "Электрохимприбор" | M1: УТВЕРЖДАЮ:
G2: (наименование стройки) | M2: Зам. генерального директора
M3: Е.В.Гордеев
A4: _________________ | M4: _________________
A5: " _____ " ________________ 2013 г. | M5: "______ " __________2013 г.
G6: ЛОКАЛЬНЫЙ СМЕТНЫЙ РАСЧЕТ № 24845
G7: (локальная смета)
C9: на | D9: Силовое электрооборудование.Строительство здания 637 подготовки зарядов.
H10: (наименование работ и затрат, наименование объекта)
D12: Основание: проект № 24597-13-ЭМ | N12: Справочно, в тыс.руб. :
D13: Сметная стоимость _______________________________________________________________________________________________ | J13: ___________________________6,008 | L13: тыс. руб. | N13: ВСЕГО: | P13: =P14+P15 -> 33.40448
D14: строительных работ _______________________________________________________________________________________________ | J14: _______________________________________________________________________________________________2,675 | L14: тыс. руб. | N14: с К=5,56 | P14: =2.675*5.56 -> 14.873
D15: монтажных работ _______________________________________________________________________________________________ | J15: _______________________________________________________________________________________________3,333 | L15: тыс. руб. | N15: с К=5,56 | P15: =3.333*5.56 -> 18.53148
D16: Средства на оплату труда _______________________________________________________________________________________________ | J16: ___________________________1,725 | L16: тыс. руб.
D17: Сметная трудоемкость _______________________________________________________________________________________________ | J17: _______________________________________________________________________________________________137,51 | L17: чел.час
D18: Материалы ______________________________________ | K18: =J48*4.42/1000 -> 7.79246 | L18: тыс.руб. | N18: с К=5,56 | P18: =K18*5.56 -> 43.326078
D19: Составлен(а) в базовых ценах 2001г. в редакции 2009г.
A21: № пп | B21: Обоснование | C21: Наименование | D21: Ед. изм. | E21: Кол. | F21: Стоимость единицы, руб. | J21: Общая стоимость, руб. | N21: Т/з осн. раб.на ед. | O21: Т/з осн. раб. Всего | P21: Т/з мех. на ед. | Q21: Т/з мех. Всего
F22: Всего | G22: В том числе | J22: Всего | K22: В том числе
G23: Осн.З/п | H23: Эк.Маш | I23: З/пМех | K23: Осн.З/п | L23: Эк.Маш | M23: З/пМех
A24: 1 | B24: 2 | C24: 3 | D24: 4 | E24: 5 | F24: 6 | G24: 7 | H24: 8 | I24: 9 | J24: 10 | K24: 11 | L24: 12 | M24: 13 | N24: 14 | O24: 15 | P24: 16 | Q24: 17
A25: 1 | B25: ТЕРм08-02-472-06 | C25: Проводник заземляющий открыто по строительным основаниям из полосовой стали сечением 100 мм2 КОЭФ. К ПОЗИЦИИ: 1.8.3.ОП При производстве работ на высоте свыше расстояний, указанных в вводных указаниях к разделам сборника: при высоте свыше 8 до 15 м ОЗП=1,1; ТЗ=1,1 | D25: 100 м | E25: 0.95 | F25: 1376.57 | G25: 276.93 | H25: 85.67 | I25: 3.46 | J25: 1308 | K25: 263 | L25: 81 | M25: 3 | N25: 20.9 | O25: 19.86 | P25: 0.19 | Q25: 0.18
A26: 2 | B26: ТЕРм08-02-472-02 | C26: Заземлитель горизонтальный из стали полосовой сечением 160 мм2 в траншее | D26: 100 м | E26: 0.55 | F26: 1242.52 | G26: 219.95 | H26: 92.37 | I26: 4 | J26: 683 | K26: 121 | L26: 51 | M26: 2 | N26: 16.6 | O26: 9.13 | P26: 0.22 | Q26: 0.12
A27: 3 | B27: ТЕРм08-02-471-01 | C27: Заземлитель вертикальный из угловой стали размером 50х50х5 мм | D27: 10 шт. | E27: 0.4 | F27: 933.5 | G27: 141.78 | H27: 71.23 | I27: 3.46 | J27: 373 | K27: 57 | L27: 28 | M27: 1 | N27: 10.7 | O27: 4.28 | P27: 0.19 | Q27: 0.08
A28: 4 | B28: ТЕР01-02-055-03 | C28: Разработка грунта вручную с креплениями в траншеях шириной до 2 м, глубиной до 2 м, группа грунтов 3 | D28: 100 м3 грунта | E28: 0.23 | F28: 3283.18 | G28: 3283.18 | J28: 755 | K28: 755 | N28: 278 | O28: 63.94
A29: 5 | B29: ТЕР01-02-061-02 | C29: Засыпка вручную траншей, пазух котлованов и ям, группа грунтов 2 | D29: 100 м3 грунта | E29: 0.23 | F29: 1027.4 | G29: 1027.4 | J29: 236 | K29: 236 | N29: 97.2 | O29: 22.36
A30: Итого прямые затраты по смете в ценах 2001г. | J30: 3355 | K30: 1432 | L30: 160 | M30: 6 | O30: 119.57 | Q30: 0.38
A31: Итого прямые затраты по смете с учетом коэффициентов к итогам | J31: 3665 | K31: 1718 | L31: 184 | M31: 7 | O31: 137.51 | Q31: 0.44
A32: В том числе, справочно:
A33: Районный к-т 4,3% (Поз. 4-5, 1-3) | J33: 62 | K33: 62
A34: 4. Производство монтажных работ на открытых и полуоткрытых производственных площадках в стесненных условиях ОЗП=1,15; ЭМ=1,15; ЗПМ=1,15; ТЗ=1,15; ТЗМ=1,15 (Поз. 4-5, 1-3) | J34: 248 | K34: 224 | L34: 24 | M34: 1 | O34: 17.9355 | Q34: 0.057
A35: Накладные расходы | J35: 1460
A36: В том числе, справочно:
A37: 80% ФОТ (от 1189) (Поз. 4-5) | J37: 951
A38: 95% ФОТ (от 536) (Поз. 1-3) | J38: 509
A39: Сметная прибыль | J39: 883
A40: В том числе, справочно:
A41: 45% ФОТ (от 1189) (Поз. 4-5) | J41: 535
A42: 65% ФОТ (от 536) (Поз. 1-3) | J42: 348
A43: Итоги по смете:
A44: Итого Строительные работы | J44: 2675 | O44: 99.25
A45: Итого Монтажные работы | J45: 3333 | O45: 38.26 | Q45: 0.44
A46: Итого | J46: 6008 | O46: 137.51 | Q46: 0.44
A47: В том числе:
A48: Материалы | J48: 1763
A49: Машины и механизмы | J49: =184-M31 -> 177
A50: ФОТ | J50: 1725
A51: Накладные расходы | J51: 1460
A52: Сметная прибыль | J52: 883
A53: ВСЕГО по смете | J53: =SUM(J48:J52) -> 6008 | O53: 137.51 | Q53: 0.44

Sheet 6925 вывести остаток
A1: СОГЛАСОВАНО: | J1: УТВЕРЖДАЮ:
A4: ________________ | J4: ________________
A5: " _____ " ________________ 201_ г. | J5: "______ " _______________201_ г.
C6: ФГУП "Комбинат "Электрохимприбор"
C7: (наименование стройки)
D9: ЛОКАЛЬНЫЙ СМЕТНЫЙ РАСЧЕТ № 6925
D10: (локальная смета)
B12: на | C12: выполнение строительно-монтажных работ по устройству проездов и стоянок, площадка 6
E13: (наименование работ и затрат, наименование объекта)
C15: Основание: проект №23054-08-ГП
C16: Сметная стоимость строительных работ _______________________________________________________________________________________________ | E16: ___________________________515,587 | G16: тыс. руб.
C17: Средства на оплату труда _______________________________________________________________________________________________ | E17: ___________________________20,317 | G17: тыс. руб.
C18: Сметная трудоемкость _______________________________________________________________________________________________ | E18: _______________________________________________________________________________________________1145,63 | G18: чел.час
C19: Составлен в ценах 2001года (в редакции 2009 г.)
A22: № пп | B22: Обоснование | C22: Наименование | D22: Ед. изм. | E22: Кол. | F22: Стоимость единицы, руб. | J22: Общая стоимость, руб.
F23: Всего | G23: В том числе | J23: Всего | K23: В том числе
G24: Осн.З/п | H24: Эк.Маш. | I24: З/пМех | K24: Осн.З/п | L24: Эк.Маш. | M24: З/пМех
A25: 1 | B25: 2 | C25: 3 | D25: 4 | E25: 5 | F25: 6 | G25: 7 | H25: 8 | I25: 9 | J25: 10 | K25: 11 | L25: 12 | M25: 13
A26: Раздел 1. Стоянка №1
A27: 1 | B27: ТЕР27-04-001-04 | C27: Устройство подстилающих и выравнивающих слоев оснований из щебня | D27: 100 м3 материала основания (в плотном теле) | E27: 5.75 | F27: 4139.32 | G27: 275.77 | H27: 3829.39 | I27: 349.58 | J27: 23801 | K27: 1586 | L27: 22019 | M27: 2010
A28: 2 | B28: ТСЦ-408-0014 | C28: Щебень из природного камня для строительных работ марка 800, фракция 10-20 мм | D28: м3 | E28: 7,245 5,75*1,26 | F28: 143.29 | J28: 1038
A29: 3 | B29: ТЕР27-06-001-03 | C29: Устройство дорожных покрытий из сборных прямоугольных железобетонных плит площадью до 10,5 м2 | D29: 100 м3 сборных железобетонных плит | E29: 0.0972 | F29: 15092.14 | G29: 1848.64 | H29: 9786.17 | I29: 853.26 | J29: 1467 | K29: 180 | L29: 951 | M29: 83
A30: 4 | B30: ТСЦ-403-0549 | C30: Плиты железобетонные проезжей части | D30: м3 | E30: 9.72 | F30: 3021.55 | J30: 29369
A31: 5 | B31: ТЕР27-06-017-01 | C31: Устройство оснований городских проездов толщиной слоя 16 см | D31: 1000 м2 основания | E31: 0.141 | F31: 124604.74 | G31: 3717.07 | H31: 2958.93 | I31: 278.84 | J31: 17569 | K31: 524 | L31: 417 | M31: 39
A32: 6 | B32: ТЕР27-06-017-02 | C32: На каждый 1 см изменения толщины слоя добавлять к расценке 27-06-017-01 КОЭФ. К ПОЗИЦИИ: ПЗ=9 (ОЗП=9; ЭМ=9 к расх.; ЗПМ=9; МАТ=9 к расх.; ТЗ=9; ТЗМ=9) | D32: 1000 м2 основания | E32: 0.141 | F32: 63663.21 | G32: 625.32 | H32: 52.38 | I32: 3.24 | J32: 8977 | K32: 88 | L32: 7
A33: 7 | B33: ТЕР06-01-015-10 | C33: Армирование подстилающих слоев и набетонок | D33: 1 т | E33: 0.753 | F33: 438.07 | G33: 157.75 | H33: 44.41 | I33: 2.91 | J33: 330 | K33: 119 | L33: 33 | M33: 2
A34: 8 | B34: ТСЦ-204-0066 | C34: Арматура-сетка из арматурной стали класса А-I диаметром 12-14 мм | D34: т | E34: 0.753 | F34: 6299.31 | J34: 4743
A35: 9 | B35: ТЕР27-06-026-01 | C35: Розлив вяжущих материалов (0,8 кг/м2) | D35: 1 т | E35: 0,3384 0,423*0,8 | F35: 2017.46 | H35: 46.53 | I35: 11.16 | J35: 683 | L35: 16 | M35: 4
A36: 10 | B36: ТЕР27-06-020-02 | C36: Устройство покрытия толщиной 4 см из горячих асфальтобетонных смесей плотных мелкозернистых типа АБВ, плотность каменных материалов 3 т/м3 и более | D36: 1000 м2 покрытия | E36: 0.423 | F36: 60371.45 | G36: 518.97 | H36: 2984 | I36: 322.26 | J36: 25537 | K36: 220 | L36: 1262 | M36: 136
A37: 11 | B37: ТЕР27-06-021-02 | C37: На каждые 0,5 см изменения толщины покрытия добавлять или исключать к расценке 27-06-020-02 КОЭФ. К ПОЗИЦИИ: ПЗ=2 (ОЗП=2; ЭМ=2 к расх.; ЗПМ=2; МАТ=2 к расх.; ТЗ=2; ТЗМ=2) | D37: 1000 м2 покрытия | E37: 0.423 | F37: 14223.54 | G37: 2.44 | H37: 6.26 | J37: 6017 | K37: 1 | L37: 3
A38: 12 | B38: ТЕР27-06-022-07 | C38: Одиночная поверхностная обработка усовершенствованных покрытий битумом с применением щебня | D38: 1000 м2 покрытия | E38: 0.423 | F38: 5815.85 | G38: 200.81 | H38: 834.34 | I38: 112.19 | J38: 2460 | K38: 85 | L38: 353 | M38: 47
A39: 13 | B39: ТЕР27-02-010-01 | C39: Установка бортовых камней бетонных при цементобетонных покрытиях | D39: 100 м бортового камня | E39: 0,43 43/100 | F39: 3353.64 | G39: 906.11 | H39: 91.05 | I39: 12.38 | J39: 1442 | K39: 390 | L39: 39 | M39: 5
A40: 14 | B40: ТСЦ-403-8021 | C40: Камни бортовые БР 100.30.15 / бетон В30 (М400), объем 0,043 м3/ (ГОСТ 6665-91) | D40: шт. | E40: 43 | F40: 59.88 | J40: 2575
A41: Итого прямые затраты по разделу в ценах 2001г. | J41: 126008 | K41: 3193 | L41: 25100 | M41: 2326
A42: Итого прямые затраты по разделу с учетом коэффициентов к итогам | J42: 137770 | K42: 3830 | L42: 36225 | M42: 2790
A43: Накладные расходы | J43: 9347
A44: Сметная прибыль | J44: 6245
A45: Итого по разделу 1 Стоянка №1 | J45: 153362
A46: Раздел 2. Стоянка №2
A47: 15 | B47: ТЕР27-04-001-04 | C47: Устройство подстилающих и выравнивающих слоев оснований из скального грунта толщ. 400 мм | D47: 100 м3 материала основания (в плотном теле) | E47: 0.279 | F47: 4139.32 | G47: 275.77 | H47: 3829.39 | I47: 349.58 | J47: 1155 | K47: 77 | L47: 1068 | M47: 98
A48: 16 | B48: ТСЦ-407-9290 | C48: Скальная порода | D48: м3 | E48: 43.593 | F48: 86.3 | J48: 3762
A49: 17 | B49: ТЕР27-06-018-03 | C49: Устройство основания из черного щебня толщиной 6 см с плотностью каменных материалов 2,5-2,9 т/м3 | D49: 1000 м2 | E49: 0.093 | F49: 54793.8 | G49: 593.04 | H49: 3311.76 | I49: 275.17 | J49: 5096 | K49: 55 | L49: 308 | M49: 26
A50: 18 | B50: ТЕР27-06-026-01 | C50: Розлив вяжущих материалов (0,3 кг/м2) | D50: 1 т | E50: 0,0279 0,093*0,3 | F50: 2017.46 | H50: 46.53 | I50: 11.16 | J50: 56 | L50: 1
A51: 19 | B51: ТЕР27-06-020-02 | C51: Устройство покрытия толщиной 4 см из горячих асфальтобетонных смесей плотных мелкозернистых типа АБВ, плотность каменных материалов 3 т/м3 и более | D51: 1000 м2 покрытия | E51: 0.093 | F51: 60371.45 | G51: 518.97 | H51: 2984 | I51: 322.26 | J51: 5615 | K51: 48 | L51: 278 | M51: 30
A52: 20 | B52: ТЕР27-06-021-02 | C52: На каждые 0,5 см изменения толщины покрытия добавлять или исключать к расценке 27-06-020-02 КОЭФ. К ПОЗИЦИИ: ПЗ=2 (ОЗП=2; ЭМ=2 к расх.; ЗПМ=2; МАТ=2 к расх.; ТЗ=2; ТЗМ=2) | D52: 1000 м2 покрытия | E52: 0.093 | F52: 14223.54 | G52: 2.44 | H52: 6.26 | J52: 1323 | L52: 1
A53: 21 | B53: ТЕР27-06-022-07 | C53: Одиночная поверхностная обработка усовершенствованных покрытий битумом с применением щебня | D53: 1000 м2 покрытия | E53: 0.093 | F53: 5815.85 | G53: 200.81 | H53: 834.34 | I53: 112.19 | J53: 541 | K53: 19 | L53: 78 | M53: 10
A54: 22 | B54: ТЕР27-02-010-01 | C54: Установка бортовых камней бетонных при цементобетонных покрытиях | D54: 100 м бортового камня | E54: 0.21 | F54: 3353.64 | G54: 906.11 | H54: 91.05 | I54: 12.38 | J54: 704 | K54: 190 | L54: 19 | M54: 3
A55: 23 | B55: ТСЦ-403-8021 | C55: Камни бортовые БР 100.30.15 / бетон В30 (М400), объем 0,043 м3/ (ГОСТ 6665-91) | D55: шт. | E55: 21 | F55: 59.88 | J55: 1257
A56: Итого прямые затраты по разделу в ценах 2001г. | J56: 19509 | K56: 389 | L56: 1753 | M56: 167
A57: Итого прямые затраты по разделу с учетом коэффициентов к итогам | J57: 20364 | K57: 467 | L57: 2530 | M57: 200
A58: Накладные расходы | J58: 947
A59: Сметная прибыль | J59: 634
A60: Итого по разделу 2 Стоянка №2 | J60: 21945
A61: Раздел 3. Стоянка №3
A62: 24 | B62: ТЕР27-06-017-01 | C62: Устройство оснований городских проездов толщиной слоя 16 см | D62: 1000 м2 основания | E62: 0.096 | F62: 124604.74 | G62: 3717.07 | H62: 2958.93 | I62: 278.84 | J62: 11962 | K62: 357 | L62: 284 | M62: 27
A63: 25 | B63: ТЕР27-06-017-02 | C63: На каждый 1 см изменения толщины слоя добавлять к расценке 27-06-017-01 | D63: 1000 м2 основания | E63: 0.096 | F63: 7073.69 | G63: 69.48 | H63: 5.82 | I63: 0.36 | J63: 679 | K63: 7 | L63: 1
A64: 26 | B64: ТЕР06-01-015-10 | C64: Армирование подстилающих слоев и набетонок | D64: 1 т | E64: 0.507 | F64: 438.07 | G64: 157.75 | H64: 44.41 | I64: 2.91 | J64: 222 | K64: 80 | L64: 23 | M64: 1
A65: 27 | B65: ТСЦ-204-0066 | C65: Арматура-сетка из арматурной стали класса А-I диаметром 12-14 мм | D65: т | E65: 0.507 | F65: 6299.31 | J65: 3194
A66: 28 | B66: ТЕР27-02-010-01 | C66: Установка бортовых камней бетонных при цементобетонных покрытиях | D66: 100 м бортового камня | E66: 0.06 | F66: 3353.64 | G66: 906.11 | H66: 91.05 | I66: 12.38 | J66: 201 | K66: 54 | L66: 5 | M66: 1
A67: 29 | B67: ТСЦ-403-8021 | C67: Камни бортовые БР 100.30.15 / бетон В30 (М400), объем 0,043 м3/ (ГОСТ 6665-91) | D67: шт. | E67: 6 | F67: 59.88 | J67: 359
A68: Итого прямые затраты по разделу в ценах 2001г. | J68: 16617 | K68: 498 | L68: 313 | M68: 29
A69: Итого прямые затраты по разделу с учетом коэффициентов к итогам | J69: 16854 | K69: 596 | L69: 452 | M69: 34
A70: Накладные расходы | J70: 859
A71: Сметная прибыль | J71: 569
A72: Итого по разделу 3 Стоянка №3 | J72: 18282
A73: Раздел 4. Стоянка №4 (существующая)
A74: 30 | B74: ТЕР27-06-026-01 | C74: Розлив вяжущих материалов | D74: 1 т | E74: 0,1086 0,362*0,3 | F74: 2017.46 | H74: 46.53 | I74: 11.16 | J74: 219 | L74: 5 | M74: 1
A75: 31 | B75: ТЕР27-06-020-02 | C75: Устройство покрытия толщиной 4 см из горячих асфальтобетонных смесей плотных мелкозернистых типа АБВ, плотность каменных материалов 3 т/м3 и более | D75: 1000 м2 покрытия | E75: 0.362 | F75: 60371.45 | G75: 518.97 | H75: 2984 | I75: 322.26 | J75: 21854 | K75: 188 | L75: 1080 | M75: 117
A76: 32 | B76: ТЕР27-06-021-02 | C76: На каждые 0,5 см изменения толщины покрытия добавлять или исключать к расценке 27-06-020-02 КОЭФ. К ПОЗИЦИИ: ПЗ=2 (ОЗП=2; ЭМ=2 к расх.; ЗПМ=2; МАТ=2 к расх.; ТЗ=2; ТЗМ=2) | D76: 1000 м2 покрытия | E76: 0.362 | F76: 14223.54 | G76: 2.44 | H76: 6.26 | J76: 5149 | K76: 1 | L76: 2
A77: 33 | B77: ТЕР27-06-022-07 | C77: Одиночная поверхностная обработка усовершенствованных покрытий битумом с применением щебня | D77: 1000 м2 покрытия | E77: 0.362 | F77: 5815.85 | G77: 200.81 | H77: 834.34 | I77: 112.19 | J77: 2105 | K77: 73 | L77: 302 | M77: 41
A78: 34 | B78: ТЕР27-02-010-01 | C78: Установка бортовых камней бетонных при цементобетонных покрытиях | D78: 100 м бортового камня | E78: 0.36 | F78: 3353.64 | G78: 906.11 | H78: 91.05 | I78: 12.38 | J78: 1207 | K78: 326 | L78: 33 | M78: 4
A79: 35 | B79: ТСЦ-403-8021 | C79: Камни бортовые БР 100.30.15 / бетон В30 (М400), объем 0,043 м3/ (ГОСТ 6665-91) | D79: шт. | E79: 36 | F79: 59.88 | J79: 2156
A80: Итого прямые затраты по разделу в ценах 2001г. | J80: 32690 | K80: 588 | L80: 1422 | M80: 163
A81: Итого прямые затраты по разделу с учетом коэффициентов к итогам | J81: 33439 | K81: 705 | L81: 2054 | M81: 196
A82: Накладные расходы | J82: 1279
A83: Сметная прибыль | J83: 856
A84: Итого по разделу 4 Стоянка №4 (существующая) | J84: 35574
A85: Раздел 5. Ремонт асфальтобетонного покрытия существующих пешеходных дорожек
A86: 36 | B86: ТЕР27-06-026-01 | C86: Розлив вяжущих материалов | D86: 1 т | E86: 0,3524 0,8*0,4405 | F86: 2017.46 | H86: 46.53 | I86: 11.16 | J86: 711 | L86: 16 | M86: 4
A87: 37 | B87: ТЕР27-07-001-01 | C87: Устройство асфальтобетонных покрытий дорожек и тротуаров однослойных из литой мелкозернистой асфальто-бетонной смеси толщиной 3 см | D87: 100 м2 покрытия | E87: 4.405 | F87: 3558.48 | G87: 197.92 | H87: 47.98 | I87: 0.83 | J87: 15675 | K87: 872 | L87: 211 | M87: 4
A88: 38 | B88: ТЕР27-02-010-01 | C88: Установка бортовых камней бетонных при цементобетонных покрытиях | D88: 100 м бортового камня | E88: 0.65 | F88: 3353.64 | G88: 906.11 | H88: 91.05 | I88: 12.38 | J88: 2180 | K88: 589 | L88: 59 | M88: 8
A89: 39 | B89: ТСЦ-403-8021 | C89: Камни бортовые БР 100.30.15 / бетон В30 (М400), объем 0,043 м3/ (ГОСТ 6665-91) | D89: шт. | E89: 65 | F89: 59.88 | J89: 3892
A90: Итого прямые затраты по разделу в ценах 2001г. | J90: 22458 | K90: 1461 | L90: 286 | M90: 16
A91: Итого прямые затраты по разделу с учетом коэффициентов к итогам | J91: 22877 | K91: 1753 | L91: 413 | M91: 20
A92: Накладные расходы | J92: 2518
A93: Сметная прибыль | J93: 1684
A94: Итого по разделу 5 Ремонт асфальтобетонного покрытия существующих пешеходных дорожек | J94: 27079
A95: Раздел 6. Устройство пешеходных дорожек вновь
A96: 40 | B96: ТЕР27-04-006-01 | C96: Устройство оснований толщиной 15 см из щебня фракции 40-70 мм при укатке каменных материалов с пределом прочности на сжатие свыше 68,6 до 98,1 МПа (свыше 700 до 1000 кгс/см2) однослойных | D96: 1000 м2 основания | E96: 0.0415 | F96: 31210.59 | G96: 425.41 | H96: 4994.84 | I96: 695.53 | J96: 1295 | K96: 18 | L96: 207 | M96: 29
A97: 41 | B97: ТЕР27-06-026-01 | C97: Розлив вяжущих материалов | D97: 1 т | E97: 0,2732 0,3415*0,8 | F97: 2017.46 | H97: 46.53 | I97: 11.16 | J97: 551 | L97: 13 | M97: 3
A98: 42 | B98: ТЕР27-06-020-02 | C98: Устройство покрытия толщиной 4 см из горячих асфальтобетонных смесей плотных мелкозернистых типа АБВ, плотность каменных материалов 3 т/м3 и более | D98: 1000 м2 покрытия | E98: 0.3415 | F98: 60371.45 | G98: 518.97 | H98: 2984 | I98: 322.26 | J98: 20617 | K98: 177 | L98: 1019 | M98: 110
A99: Итого прямые затраты по разделу в ценах 2001г. | J99: 22463 | K99: 195 | L99: 1239 | M99: 142
A100: Итого прямые затраты по разделу с учетом коэффициентов к итогам | J100: 23051 | K100: 233 | L100: 1789 | M100: 170
A101: Накладные расходы | J101: 572
A102: Сметная прибыль | J102: 383
A103: Итого по разделу 6 Устройство пешеходных дорожек вновь | J103: 24006
A104: Раздел 7. Устройство дорожных проездов вновь
A105: 43 | B105: ТЕР27-04-001-04 | C105: Устройство подстилающих и выравнивающих слоев оснований из скального грунта толщ. 400 мм | D105: 100 м3 материала основания (в плотном теле) | E105: 1.7 | F105: 4139.32 | G105: 275.77 | H105: 3829.39 | I105: 349.58 | J105: 7037 | K105: 469 | L105: 6510 | M105: 594
A106: 44 | B106: ТСЦ-407-9290 | C106: Скальная порода | D106: м3 | E106: 198.86 | F106: 86.3 | J106: 17162
A107: 45 | B107: ТЕР27-04-006-01 | C107: Устройство оснований толщиной 15 см из щебня фракции 40-70 мм при укатке каменных материалов с пределом прочности на сжатие свыше 68,6 до 98,1 МПа (свыше 700 до 1000 кгс/см2) однослойных | D107: 1000 м2 основания | E107: 0.478 | F107: 31210.59 | G107: 425.41 | H107: 4994.84 | I107: 695.53 | J107: 14919 | K107: 203 | L107: 2388 | M107: 332
...

Sheet НМЦ
A1: г. Лесной ФГУП "Комбинат "Электрохимприбор"
A3: Расчет начальной (максимальной) цены
A5: Выполнение работ по строительству здания 637 и благоустройству 6 площадки
A8: Составлен в ценах по состоянию на 01.01.2000 г. с переводом в текущие | D8: руб.
A9: Наименование глав ССР, объектных сметных расчетов, локальных сметных расчетов, видов работ | B9: Сметная стоимость в базисных ценах на 01.01.2000 | C9: Текущая стоимость на момент определения начальной (максимальной) цены | D9: № обосновывающего расчета
A13: 1 | B13: 2 | C13: 3 | D13: 4
A14: Строительство здания 637 подготовки зарядов пл.6. Раздел: отопление и вентиляция | B14: ='Сводка затрат'!H14 -> 113779 | C14: =ROUND('Сводка затрат'!D14*5.56,0)+ROUND('Сводка затрат'!E14*5.56,0)+ROUND('Сводка затрат'!F14*4.19,0)+ROUND('Сводка затрат'!G14*9.32,0) -> 551046 | D14: 24579-П13
A15: Строительство здания 637 подготовки зарядов пл.6. Раздел: генплан | B15: ='Сводка затрат'!H15 -> 224557 | C15: =ROUND('Сводка затрат'!D15*5.56,0)+ROUND('Сводка затрат'!E15*5.56,0)+ROUND('Сводка затрат'!F15*4.19,0)+ROUND('Сводка затрат'!G15*9.32,0) -> 1248537 | D15: 24597-П13
A16: Строительство здания 637 подготовки зараядов пл.6. Раздел: архитектурно-строительный | B16: ='Сводка затрат'!H16 -> 510943 | C16: =ROUND('Сводка затрат'!D16*5.56,0)+ROUND('Сводка затрат'!E16*5.56,0)+ROUND('Сводка затрат'!F16*4.19,0)+ROUND('Сводка затрат'!G16*9.32,0) -> 2840843 | D16: 24601-П13
A17: Строительство здания 637 подготовки зарядов пл. 6. Раздел: Электроснабжение. Электрооборудование. | B17: ='Сводка затрат'!H17 -> 55680 | C17: =ROUND('Сводка затрат'!D17*5.56,0)+ROUND('Сводка затрат'!E17*5.56,0)+ROUND('Сводка затрат'!F17*4.19,0)+ROUND('Сводка затрат'!G17*9.32,0) -> 302235 | D17: 24603-П13
A18: Строительство здания 637 подготовки зарядов пл. 6. Раздел: автоматическая установка пожарной сигнализации и СОУЭ. | B18: ='Сводка затрат'!H18 -> 26463 | C18: =ROUND('Сводка затрат'!D18*5.56,0)+ROUND('Сводка затрат'!E18*5.56,0)+ROUND('Сводка затрат'!F18*4.19,0)+ROUND('Сводка затрат'!G18*9.32,0) -> 147460 | D18: 24632-П13
A19: Силовое электрооборудование. Строительство здания 637 подготовки зарядов. | B19: ='Сводка затрат'!H19 -> 6008 | C19: =ROUND('Сводка затрат'!D19*5.56,0)+ROUND('Сводка затрат'!E19*5.56,0)+ROUND('Сводка затрат'!F19*4.19,0)+ROUND('Сводка затрат'!G19*9.32,0) -> 33404 | D19: 24845
A20: Выполнение строительно-монтажных работ по устройству проездов и стоянок, площадка 6 | B20: ='Сводка затрат'!H20 -> 415466 | C20: =ROUND('Сводка затрат'!D20*5.56,0)+ROUND('Сводка затрат'!E20*5.56,0)+ROUND('Сводка затрат'!F20*4.19,0)+ROUND('Сводка затрат'!G20*9.32,0) -> 2309991 | D20: 6925
A21: Итого | B21: =SUM(B14:B20) -> 1352896 | C21: =SUM(C14:C20) -> 7433516
A23: Зимнее удорожание 3,2%×1,1=3,52% | B23: ='Сводка затрат'!H22 -> 30392 | C23: =ROUND('Сводка затрат'!D22*5.56,0)+ROUND('Сводка затрат'!E22*5.56,0)+ROUND('Сводка затрат'!F22*4.19,0)+ROUND('Сводка затрат'!G22*9.32,0)+1 -> 168980
A25: Итого с зимним удорожанием: | B25: =SUM(B21:B23) -> 1383288 | C25: =SUM(C21:C23) -> 7602496
A27: НДС 18% | C27: =ROUND(C25*18%,2) -> 1368449.3
A29: Всего | C29: =SUM(C25:C28) -> 8970945.3
A32: Начальник отдела
A33: капитального строительства | C33: В.В. Моляков
A35: Инженер по проектно-сметной работе | C35: Т.Ш. Ковязина
A38: Согласовано | C38: отдел 028

Sheet Сводка затрат
A1: Приложение №__ к договору от "__"______2013 №_______
A3: г. Лесной. ФГУП "Комбинат "Электрохимприбор"
A5: Сводка затрат
A7: Выполнение работ по строительству здания 637 и благоустройству 6 площадки
A10: Составлен в ценах по состоянию на 01.01.2000 г.
A11: № п/п | B11: Номера сметных расчетов и смет | C11: Наименование работ и затрат | D11: Сметная стоимость | H11: Общая сметная стоимость, руб.
D12: строительных работ | E12: монтажных работ | F12: оборудования, мебели, инвентаря | G12: прочих затрат
A13: 1 | B13: 2 | C13: 3 | D13: 4 | E13: 5 | F13: 6 | G13: 7 | H13: 8
A14: 1 | B14: 24579-П13 | C14: Строительство здания 637 подготовки зарядов пл.6. Раздел: отопление и вентиляция | D14: ='24579'!K119 -> 52375 | E14: ='24579'!K120 -> 1867 | F14: ='24579'!K121 -> 59537 | G14: 0 | H14: =SUM(D14:G14) -> 113779
A15: 2 | B15: 24597-П13 | C15: Строительство здания 637 подготовки зарядов пл.6. Раздел: генплан | D15: ='24597'!J80 -> 224557 | E15: 0 | F15: 0 | G15: 0 | H15: =SUM(D15:G15) -> 224557
A16: 3 | B16: 24601-П13 | C16: Строительство здания 637 подготовки зараядов пл.6. Раздел: архитектурно-строительный | D16: ='24601'!J196 -> 510943 | E16: 0 | F16: 0 | G16: 0 | H16: =SUM(D16:G16) -> 510943
A17: 4 | B17: 24603-П13 | C17: Строительство здания 637 подготовки зарядов пл. 6. Раздел: Электроснабжение. Электрооборудование. | D17: 0 | E17: ='24603'!K149 -> 50318 | F17: ='24603'!K150 -> 5362 | G17: 0 | H17: =SUM(D17:G17) -> 55680
A18: 5 | B18: 24632-П13 | C18: Строительство здания 637 подготовки зарядов пл. 6. Раздел: автоматическая установка пожарной сигнализации и СОУЭ. | D18: 0 | E18: ='24632'!K96 -> 17343 | F18: ='24632'!K97 -> 6621 | G18: ='24632'!K98 -> 2499 | H18: =SUM(D18:G18) -> 26463
A19: 6 | B19: 24845 | C19: Силовое электрооборудование. Строительство здания 637 подготовки зарядов. | D19: ='24845'!J44 -> 2675 | E19: ='24845'!J45 -> 3333 | F19: 0 | G19: 0 | H19: =SUM(D19:G19) -> 6008
A20: 7 | B20: 6925 | C20: Выполнение строительно-монтажных работ по устройству проездов и стоянок, площадка 6 | D20: 415466 | E20: 0 | F20: 0 | G20: 0 | H20: =SUM(D20:G20) -> 415466
C21: Итого в базисных ценах 2000 г. | D21: =SUM(D14:D20) -> 1206016 | E21: =SUM(E14:E20) -> 72861 | F21: =SUM(F14:F20) -> 71520 | G21: =SUM(G14:G20) -> 2499 | H21: =SUM(D21:G21) -> 1352896
C22: Зимнее удорожание 3,2%×1,1=3,52% | D22: =ROUND(SUM(D14:D19)*3.52%,0) -> 27827 | E22: =ROUND(SUM(E14:E19)*3.52%,0) -> 2565 | F22: 0 | G22: 0 | H22: =SUM(D22:G22) -> 30392
C23: Итого с зимним удорожанием: | D23: =SUM(D21:D22) -> 1233843 | E23: =SUM(E21:E22) -> 75426 | F23: =SUM(F21:F22) -> 71520 | G23: =SUM(G21:G22) -> 2499 | H23: =SUM(D23:G23) -> 1383288
C24: Всего в ценах 2013 (Ксмр=5,56, Коб.=4,19, Кпнр=9,32) | D24: =ROUND(D23*5.56,0) -> 6860167 | E24: =ROUND(E23*5.56,0) -> 419369 | F24: =ROUND(F23*4.19,0) -> 299669 | G24: =ROUND(G23*9.32,0) -> 23291 | H24: =SUM(D24:G24) -> 7602496
C25: НДС 18% | D25: =ROUND(D24*18%,2) -> 1234830.1 | E25: =ROUND(E24*18%,2) -> 75486.42 | F25: =ROUND(F24*18%,2) -> 53940.42 | G25: =ROUND(G24*18%,2) -> 4192.38 | H25: =SUM(D25:G25) -> 1368449.3
C26: Всего в ценах 2013 с НДС | D26: =SUM(D24:D25) -> 8094997.1 | E26: =SUM(E24:E25) -> 494855.42 | F26: =SUM(F24:F25) -> 353609.42 | G26: =SUM(G24:G25) -> 27483.38 | H26: =SUM(D26:G26) -> 8970945.3
C30: ЗАКАЗЧИК: | H30: ПОДРЯДЧИК:
C31: Генеральный директор
C32: ФГУП "Комбинат "Электрохимприбор"
C34: __________________ А.В. Новиков
